 Dungeon Crawl Stone Soup version 0.24-a0-226-gca05e9d (webtiles) character file.

Game seed: 11780968090240238359

878999 Gorice the Executioner (level 27, -6/267 (269) HPs)
             Began as a Hill Orc Wanderer on Mar 26, 2019.
             Was an Initiate of Gozag.
             Mangled by an Executioner (8 damage)
             ... summoned by Gloorx Vloq
             ... in Pandemonium on Mar 31, 2019.
             The game lasted 09:06:54 (96987 turns).

Gorice the Executioner (Hill Orc Wanderer)         Turns: 96987, Time: 09:06:55

HP:   -6/267 (269)  AC: 44    Str: 35    XL:     27
MP:   0/40          EV: 19    Int: 22    God:    Gozag
Gold: 13579         SH:  0    Dex: 15    Spells: 25/52 levels left

rFire    + + .     SeeInvis +   a - +9 executioner's axe (chop)
rCold    + + .     Gourm    .   (shield currently unavailable)
rNeg     + + .     Faith    .   b - +9 scales of the Dragon King {rPois rF+ rC+ MR+}
rPois    +         Spirit   +   h - +2 hat of the Bear Spirit {Spirit, +Rage rN+ MR++}
rElec    +         Reflect  .   I - +3 cloak "Xypranih" {Dex+3 Stlth+}
rCorr    +         Harm     .   F - +2 pair of gloves {Str+3}
MR       +++++     Clarity  +   V - +2 pair of boots {Fly}
Stlth    ..........             P - amulet of Vitality {Regen+ HP+15}
HPRegen  0.00/turn              e - ring of Romupp {rElec rN+ Str+4 Stlth-}
MPRegen  0.27/turn              i - ring "Tuzec" {+Inv MR+ Int+2 SInv}

@: mighty, agile, lethally poisoned (-6 -> -33), resistant, portal projectile,
non-regenerating, diseased, hasted and slowed
A: beak, claws 1, horns 1, slimy green scales 1, thin skeletal structure 1,
clarity, clever 1, clumsy 2, deformed body, subdued magic 1
}: 8/15 runes: serpentine, barnacled, slimy, silver, demonic, glowing, magical,
fiery
a: Potion Petition, Call Merchant, Bribe Branch, Renounce Religion, Cancel
Portal Projectile, Evoke Berserk Rage, Evoke Invisibility, Evoke Flight


You were in Pandemonium.
You worshipped Gozag.
Gozag was extremely pleased with you.
You were hungry.

You visited 11 branches of the dungeon, and saw 53 of its levels.
You visited Pandemonium 3 times, and saw 18 of its levels.
You visited the Abyss 1 time.
You also visited: Bailey and Ice Cave.

You collected 41215 gold pieces.
You spent 9339 gold pieces at shops.
You paid 18297 gold pieces to Gozag.

Inventory:

Hand Weapons
 a - a +9 executioner's axe of chopping (weapon)
   (You acquired it on level 15 of the Dungeon)
 B - a +6 blowgun
Missiles
 n - 26 curare-tipped needles
 v - 14 steel javelins (quivered)
 Z - 7 throwing nets {!f}
Armour
 b - the +9 scales of the Dragon King (worn) {rPois rF+ rC+ MR+}
   (You found it on level 4 of the Vaults)

   It protects you from fire.
   It protects you from cold.
   It protects you from poison.
   It affects your resistance to hostile enchantments.
 h - the +2 hat of the Bear Spirit (worn) {Spirit, +Rage rN+ MR++}
   (You bought it in a shop on level 5 of the Depths)

   It protects you from negative energy.
   It affects your resistance to hostile enchantments.
   It lets you go berserk.
 F - a +2 pair of gloves of strength (worn)
   (You found it on level 3 of the Elven Halls)
 I - the +3 cloak "Xypranih" (worn) {Dex+3 Stlth+}
   (You found it on level 7 of the Dungeon)

   It affects your dexterity (+3).
   It makes you more stealthy.
 V - a +2 pair of boots of flying (worn)
   (You found it on level 5 of the Pits of Slime)
Jewellery
 c - an uncursed ring of protection from cold
 e - the ring of Romupp (left hand) {rElec rN+ Str+4 Stlth-}
   (You found it on level 3 of the Crypt)

   [ring of positive energy]

   It affects your strength (+4).
   It insulates you from electricity.
   It protects you from negative energy.
   It makes you less stealthy.
 f - the ring of Sutemy {rF+ rN+}
   (You found it on level 4 of the Snake Pit)

   [ring of protection from fire]

   It protects you from fire.
   It protects you from negative energy.
 i - the ring "Tuzec" (right hand) {+Inv MR+ Int+2 SInv}
   (You found it on level 5 of the Pits of Slime)

   [ring of protection from magic]

   It affects your intelligence (+2).
   It affects your resistance to hostile enchantments.
   It lets you see invisible.
   It lets you turn invisible.
 p - an uncursed ring of ice
 C - an uncursed ring of resist corrosion
 M - the amulet "Tisir" {Regen+ SInv}
   (You took it off a balrug in Pandemonium)

   [amulet of regeneration]

   It lets you see invisible.
   It increases your rate of regeneration.
 P - the amulet of Vitality (around neck) {Regen+ HP+15}
   (You found it on level 5 of the Pits of Slime)

   [amulet of regeneration]

   It affects your health (+15).
   It increases your rate of regeneration.
 Q - a +4 ring of slaying
 X - the ring of the Tempest {rElec MR++ Int+2 Slay+3}
   (You found it in Pandemonium)

   [ring of intelligence]

   It affects your intelligence (+2).
   It affects your accuracy and damage with ranged weapons and melee attacks
   (+3).
   It insulates you from electricity.
   It affects your resistance to hostile enchantments.
Wands
 g - a wand of digging (33)
 j - a wand of enslavement (19)
 t - a wand of iceblast (54)
 y - a wand of scattershot (14)
 H - a wand of acid (45)
 K - a wand of paralysis (25)
Scrolls
 m - a scroll of enchant armour
 r - 3 scrolls of fear {!r}
 s - 23 scrolls of teleportation {!r}
 u - a scroll of brand weapon
 w - 9 scrolls of identify
 x - 6 scrolls of blinking
 O - 30 scrolls of remove curse
 R - 2 scrolls of summoning {!r}
 S - 19 scrolls of fog
 T - 9 scrolls of magic mapping {!r}
 U - 2 scrolls of amnesia
Potions
 d - 3 potions of resistance {!q}
 l - 8 potions of agility {!q}
 o - 4 potions of might {!q}
 q - 4 potions of cancellation {!q}
 z - a potion of ambrosia
 A - 14 potions of haste {!q}
 E - 3 potions of heal wounds {!q}
 G - 4 potions of magic {!q}
 J - 6 potions of invisibility {!q}
 L - 7 potions of curing
 W - 6 potions of mutation {!q}
Miscellaneous
 k - 4 boxes of beasts
 Y - a sack of spiders
Comestibles
 D - 41 rations


   Skills:
 - Level 22.0 Fighting
 - Level 25.9(26.0) Axes
   Level 2.1(15.6) Polearms
   Level 1.7 Bows
 - Level 8.0 Throwing
 - Level 22.0 Armour
 - Level 10.0 Dodging
 - Level 1.0 Stealth
   Level 2.6 Shields
 - Level 13.0 Spellcasting
 - Level 11.0 Hexes
 - Level 10.0 Charms
 - Level 16.0 Summonings
 - Level 10.0 Necromancy
 + Level 20.2 Translocations
 - Level 12.0 Air Magic
 - Level 14.0 Evocations


You had 25 spell levels left.
You knew the following spells:

 Your Spells              Type           Power        Failure   Level  Hunger
a - Airstrike             Air            ######....   1%          4    None
l - Summon Lightning Spi  Summ/Air       ######..     1%          4    None
p - Portal Projectile     Hex/Tloc       ######       1%          3    None
s - Animate Skeleton      Necr           N/A          1%          1    None
v - Summon Mana Viper     Hex/Summ       ######..     2%          5    ###....
w - Spectral Weapon       Hex/Chrm       #####...     1%          3    None
A - Apportation           Tloc           ######       0%          1    None
B - Summon Butterflies    Summ           ######..     1%          1    None
R - Regeneration          Chrm/Necr      #####.....   1%          3    None
S - Swiftness             Chrm/Air       #####...     1%          2    None

Your spell library contained the following spells:

 Spells                   Type           Power        Failure   Level  Hunger
 Lesser Beckoning         Tloc           ######....   0%          3    None
 Confusing Touch          Hex            #####.       1%          1    None
 Corona                   Hex            #####..      1%          1    None
 Infusion                 Chrm           ####         1%          1    None
 Pain                     Necr           ####         1%          1    None
 Shock                    Conj/Air       ####         1%          1    None
 Summon Small Mammal      Summ           ####         1%          1    None
 Call Imp                 Summ           ######..     1%          2    None
 Corpse Rot               Necr           N/A          1%          2    None
 Shroud of Golubria       Chrm/Tloc      ######....   1%          2    None
 Slow                     Hex            #####...     1%          2    None
 Song of Slaying          Chrm           #####...     1%          2    None
 Sublimation of Blood     Necr           #####.....   1%          2    None
 Call Canine Familiar     Summ           ######..     1%          3    None
 Recall                   Summ/Tloc      N/A          1%          3    None
 Summon Guardian Golem    Hex/Summ       ######..     1%          3    None
 Tukima's Dance           Hex            #####...     1%          3    None
 Vampiric Draining        Necr           #####.....   1%          3    None
 Passage of Golubria      Tloc           N/A          1%          4    None
 Aura of Abjuration       Summ           ######....   1%          5    ###....
 Summon Demon             Summ           ######....   1%          5    ###....
 Summon Forest            Summ/Tloc      ######....   1%          5    ###....
 Poisonous Vapours        Pois/Air       ####..       2%          2    None
 Cause Fear               Hex            #####.....   2%          4    None
 Animate Dead             Necr           N/A          3%          4    None
 Shadow Creatures         Summ           N/A          4%          6    #####..
 Static Discharge         Conj/Air       ####....     5%          3    None
 Silence                  Hex/Air        #####.....   5%          5    ###....
 Inner Flame              Hex/Fire       ####....     7%          3    None
 Summon Ice Beast         Ice/Summ       #####...     8%          4    None
 Ozocubu's Armour         Chrm/Ice       ####....     9%          3    None
 Agony                    Necr           #####...     10%         5    ###....
 Dispel Undead            Necr           #####...     10%         5    ###....
 Excruciating Wounds      Chrm/Necr      #####.....   10%         5    ###....
 Malign Gateway           Summ/Tloc      ######....   12%         7    ######.
 Mephitic Cloud           Conj/Pois/Air  ###.....     13%         3    None
 Flame Tongue             Conj/Fire      ##...        22%         1    None
 Freeze                   Ice            ##..         22%         1    None
 Sandblast                Erth           ##....       22%         1    None
 Sting                    Conj/Pois      ##..         22%         1    None
 Leda's Liquefaction      Hex/Erth       ####......   24%         4    None
 Monstrous Menagerie      Summ           ######....   28%         7    ######.
 Summon Greater Demon     Summ           ######....   28%         7    ######.
 Summon Hydra             Summ           ######....   28%         7    ######.
 Passwall                 Tmut/Erth      ##......     34%         2    None
 Throw Flame              Conj/Fire      ##....       34%         2    None
 Throw Frost              Conj/Ice       ##....       34%         2    None
 Darkness                 Hex            #####.....   36%         6    #####..
 Deflect Missiles         Chrm/Air       #####.....   36%         6    #####..
 Invisibility             Hex            #####...     36%         6    #####..
 Lightning Bolt           Conj/Air       ####......   50%         5    ###....
 Death Channel            Necr           #####.....   52%         6    #####..
 Yara's Violent Unravell  Hex/Tmut       ####......   56%         5    ###....
 Conjure Flame            Conj/Fire      ##......     58%         3    None
 Ignite Poison            Fire/Tmut/Pois ##......     58%         3    None
 Stone Arrow              Conj/Erth      ##....       58%         3    None
 Bolt of Draining         Conj/Necr      ####......   63%         5    ###....
 Borgnjor's Vile Clutch   Necr/Erth      ####......   63%         5    ###....
 Iskenderun's Battlesphe  Conj/Chrm      ####....     63%         5    ###....
 Summon Horrible Things   Summ           ######....   92%         8    #######
 Olgreb's Toxic Radiance  Pois           ##......     94%         4    None
 Petrify                  Tmut/Erth      ##......     94%         4    None
 Sticky Flame             Conj/Fire      ##......     94%         4    None
 Throw Icicle             Conj/Ice       ##......     94%         4    None
 Simulacrum               Ice/Necr       ####......   99%         6    #####..
 Alistair's Intoxication  Tmut/Pois      ##......     100%        5    ###....
 Bolt of Magma            Conj/Fire/Erth ##........   100%        5    ###....
 Fireball                 Conj/Fire      ##........   100%        5    ###....
 Irradiate                Conj/Tmut      ##........   100%        5    ###....
 Lee's Rapid Deconstruct  Erth           ##........   100%        5    ###....
 Venom Bolt               Conj/Pois      ##........   100%        5    ###....
 Freezing Cloud           Conj/Ice/Air   ###.......   100%        6    #####..
 Hydra Form               Tmut           ##........   100%        6    #####..
 Iron Shot                Conj/Erth      ##........   100%        6    #####..
 Statue Form              Tmut/Erth      ##.......    100%        6    #####..
 Orb of Destruction       Conj           ##........   100%        7    ######.
 Ring of Flames           Chrm/Fire      ####......   100%        7    ######.
 Spellforged Servitor     Conj/Summ      #####.....   100%        7    ######.
 Discord                  Hex            #####.....   100%        8    #######


Dungeon Overview and Level Annotations

Branches:
Dungeon (15/15)            Temple (1/1) D:6            Lair (6/6) D:9
 Shoals (4/4) Lair:3        Snake (4/4) Lair:2        Slime (5/5) Lair:5
    Orc (2/2) D:10            Elf (3/3) Orc:2        Vaults (5/5) D:14
  Crypt (3/3) Vaults:3       Tomb (0/3) Crypt:3      Depths (5/5) D:15
    Zot (0/5) Depths:5

Altars:
Ashenzari
Cheibriados
Dithmenos
Elyvilon
Fedhas
Gozag
Hepliaklqana
Kikubaaqudgha
Makhleb
Nemelex Xobeh
Okawaru
Qazlal
Ru
Sif Muna
Trog
Uskayaw
Vehumet
Wu Jian
Xom
Yredelemnul
Zin
The Shining One
Jiyva

Shops:
D:10 *(}!*   D:15 (:   Orc:2 (?   Elf:3 [   Snake:2 [**   Vaults:2 (*=*
Vaults:3 [}!   Vaults:5 *   Depths:3 (   Depths:4 }}=   Depths:5 =[[!

Portals:
Hell: Depths:1 Depths:2 Depths:3 Depths:4 Depths:5
Abyss: Depths:2 Depths:4 Depths:5
Pandemonium: Depths:3 Depths:4
Ziggurat: Depths:2

Annotations:
Pan Gloorx Vloq


Innate Abilities, Weirdness & Mutations

You have a beak for a mouth.
You have sharp fingernails.
You have a pair of small horns on your head.
You are partially covered in slimy green scales. (AC +2)
You have a somewhat thin skeletal structure. (Dex +2, Stealth)
You possess an exceptional clarity of mind.
Your mind is acute. (Int +2)
You are very clumsy. (Dex -4)
Armour fits poorly on your strangely shaped body.
Your spells are a little easier to cast, but a little less powerful.


Message History

Gloorx Vloq misses you. Gloorx Vloq gestures at you.
The foul vapour engulfs you but does no damage.
Unknown command.
Unknown command.
Unknown command.
You slash Gloorx Vloq! You headbutt Gloorx Vloq!
Gloorx Vloq is severely wounded.
You chop the Executioner into pieces!!! You barely miss the Executioner.
You slash the Executioner!
You are engulfed in dark miasma.
You feel your flesh rotting away!
You feel ill.
* * * LOW HITPOINT WARNING * * *
You feel sick.
The Executioner gestures.
The Executioner seems to speed up.
The Executioner closely misses you.
The Executioner hits you but does no damage.
The Executioner misses you. Gloorx Vloq gestures at you.
The poison arrow hits you.
You are lethally poisoned!
You partially resist.
* * * LOW HITPOINT WARNING * * *
The Executioner barely misses you. x3; The Executioner closely misses you.
The Executioner hits you.
* * * LOW HITPOINT WARNING * * *
The Executioner hits you but does no damage.
Damage: 11 (max 95)
You chop Gloorx Vloq into pieces!!! You peck Gloorx Vloq, but do no damage.
Gloorx Vloq is almost dead.
You closely miss the Executioner. x2; You slice the Executioner!!
You are engulfed in dark miasma.
You feel your flesh rotting away!
* * * LOW HITPOINT WARNING * * *
x2 You feel sick.
The Executioner hits you.
* * * LOW HITPOINT WARNING * * *
The Executioner barely misses you. x2
The Executioner hits you but does no damage.
The Executioner closely misses you. The Executioner barely misses you.
Gloorx Vloq hits you but does no damage.
The Executioner hits you.
* * * LOW HITPOINT WARNING * * *
The Executioner misses you. x2
The Executioner hits you but does no damage.
The Executioner hits you.
* * * LOW HITPOINT WARNING * * *
The Executioner hits you but does no damage.
The Executioner hits you!
You die...
Your body crumbles into a pile of gold.

..#.....# #^....&.# #.....#
..#.#...# #.......# #...#.#
..#..#..# ##.......## #..#..#
..#.....# #.........# #.....#
..#..#..# #...(#○...# #..#..#
..#.#...# ##...(.....## #...#.#
'##.....# #..°#.#.#...# #.....#
..#.#...# ##...1&1.....## #...#.#
..#..#..###..#.#@#.#.#..###..#..#
..#.....##.....°°1.......##.....#
.##..#..##.#.#.#°#°#.#.#.##..#..#
..#.#...##...............##...#.#
..#.....########'#'########.....#
###.#..........#.#.#..........#.#
#..#.......................#..#
#...#...#.#...#.#...#.#...#...#
#....#.#...#.#...#.#...#.#....#


You could see Gloorx Vloq and 3 Executioners.

Vanquished Creatures
  Cerebov (Pan)
  Dissolution (Slime:5)
  the Royal Jelly (Slime:5)
  Mnoleg (Pan)
  Lom Lobon (Pan)
  2 ancient liches
  Mara (Depths:1)
  A juggernaut (Depths:3)
  Sojobo (Vaults:3)
  Frederick (Vaults:4)
  Bai Suzhen (Crypt:1)
  Vashnia (Snake:3)
  Xtahua (Depths:3)
  Saint Roka (Orc:1)
  2 caustic shrikes (Depths:4)
  2 profane servitors
  Jory (Vaults:3)
  4 golden dragons
  5 bone dragons
  9 liches
  9 pandemonium lords (Pan)
  A doom hound (Pan)
  17 Brimstone Fiends
  7 Ice Fiends
  5 Tzitzimimeh (Pan)
  A hellephant (Abyss:4)
  5 Hell Sentinels (Pan)
  2 deep elf blademasters
  8 tentacled monstrosities
  4 deep elf master archers (Elf:3)
  8 titans
  A quicksilver dragon (Abyss:4)
  6 tentacled starspawn
  22 Executioners (Pan)
  The ghost of Dominolapin the Frost Mage, an adept DrVM of Ashenzari (Shoals:4)
  5 sphinxes
  2 krakens
  17 acid blobs
  5 warmongers (Pan)
  Kirke (D:13)
  10 shadow dragons
  An ancient champion (Crypt:2)
  5 azure jellies
  10 tengu reavers
  8 nagarajas
  5 storm dragons
  A revenant (Crypt:1)
  A daeva (Pan)
  7 fire giants
  10 frost giants
  4 corrupters (Pan)
  3 iron dragons
  12 vault wardens
  A draconian scorcher (Depths:5)
  22 cacodemons (Pan)
  21 balrugs
  7 deep elf sorcerers
  An emperor scorpion (D:15)
  6 ghouls
  Aizul (Snake:1)
  Louise (Snake:3)
  3 curse skulls
  13 ironheart preservers
  10 reapers (Pan)
  29 very ugly things
  5 war gargoyles
  5 deep elf elementalists
  8 blood saints (Pan)
  3 draconian annihilators
  2 entropy weavers
  6 deep elf demonologists
  3 black suns (Pan)
  20 stone giants
  A green draconian (Depths:5)
  11 vampire knights
  Azrael (Snake:3)
  19 lorocyprocas (Pan)
  A black draconian (Depths:5)
  10 deep elf annihilators
  2 red draconians (Depths:5)
  A spark wasp (shapeshifter) (Vaults:2)
  7 spark wasps
  2 yellow draconians (Depths:5)
  9 ettins
  2 white draconians (Depths:5)
  14 green deaths
  3 crystal guardians (Crypt:3)
  Snorg (Lair:5)
  8 fire dragons
  An eidolon (Crypt:2)
  17 blizzard demons
  3 jiangshi
  A quicksilver dragon zombie (Crypt:2)
  4 deep elf death magi
  Josephine (D:14)
  5 merfolk javelineers (Shoals:4)
  3 death oozes
  8 merfolk impalers
  13 yaktaur captains
  34 vault guards
  13 great orbs of eyes
  A quicksilver dragon skeleton (Pan)
  10 deep elf high priests
  8 rakshasas
  Sonja (Lair:1)
  19 ice dragons
  4 monstrous demonspawn (Pan)
  Fannar (Lair:1)
  A hell beast (Pan)
  7 hydras
  An ice dragon (shapeshifter) (Vaults:5)
  3 merfolk aquamancers
  6 merfolk avatars
  12 centaur warriors
  An alligator snapping turtle (Shoals:3)
  An anaconda (shapeshifter) (Abyss:4)
  11 anacondas
  6 satyrs
  4 death knights
  8 spriggan air magi
  15 naga warriors
  27 two-headed ogres
  6 deep troll shamans
  8 ogre magi
  7 deep troll earth magi
  5 tengu warriors
  8 hell hogs
  20 naga sharpshooters
  10 spriggan berserkers
  3 vampire magi
  30 soul eaters (Pan)
  Urug (Lair:3)
  3 shock serpents (shapeshifter)
  6 shock serpents
  Nergalle (Lair:1)
  39 sun demons
  A titan zombie (Crypt:1)
  25 deep elf knights
  10 thrashing horrors
  2 fire crabs (Lair:6)
  A fire crab (shapeshifter) (Elf:1)
  13 hell knights
  12 wretched stars
  5 titan skeletons (Pan)
  A storm dragon skeleton (Vaults:3)
  2 iron trolls
  2 salamander mystics
  24 sixfirhies
  33 skeletal warriors
  2 spatial maelstroms
  13 shadow wraiths
  A golden dragon zombie (Crypt:2)
  An unseen horror (shapeshifter) (D:13)
  5 glowing orange brains
  3 flayed ghosts
  4 unseen horrors
  A death drake (Abyss:4)
  A deep troll (shapeshifter) (Vaults:4)
  12 shadow demons (Pan)
  4 gelid demonspawn (Pan)
  6 torturous demonspawn (Pan)
  11 sea snakes
  12 deep elf archers
  5 infernal demonspawn (Pan)
  20 deep trolls
  A glowing orange brain (shapeshifter) (Depths:5)
  18 wizards
  8 naga ritualists
  69 deep elf magi
  A golden dragon skeleton (Pan)
  A shadow dragon zombie (Crypt:3)
  2 wolf spider zombies
  8 phantasmal warriors
  15 harpies
  16 ironbrand convokers
  13 orc knights
  14 necromancers
  2 fire giant zombies
  22 fauns
  A tengu skeleton (Vaults:3)
  2 anaconda skeletons (Pan)
  8 manticores
  A sphinx zombie (Crypt:1)
  A cyclops (shapeshifter) (Vaults:4)
  59 large abominations
  2 shining eyes (Pan)
  An orb spider (shapeshifter) (Depths:4)
  3 orc sorcerers
  A shadow dragon skeleton (Crypt:2)
  10 mana vipers
  4 oklob plants (Snake:1)
  9 cyclopes
  2 draconians (Abyss:5)
  3 wolf spiders
  4 iron dragon skeletons
  5 worldbinders (Abyss:4)
  13 salamanders
  A stone giant zombie (Crypt:3)
  A salamander (shapeshifter) (Vaults:1)
  17 elephants
  5 merfolk sirens
  2 fire giant skeletons
  50 ugly things
  3 frost giant skeletons
  16 naga magi
  2 guardian serpents (Snake:4)
  2 stone giant skeletons (Pan)
  4 ice statues
  2 centaur zombies
  46 black mambas
  4 water nymphs
  2 rust devils (Pan)
  23 orange demons
  4 apocalypse crabs
  3 hellions
  23 vault sentinels
  A spiny frog (shapeshifter) (Vaults:4)
  41 smoke demons
  A green draconian zombie (Crypt:2)
  2 dire elephant skeletons
  9 spiny frogs
  A black draconian zombie (Crypt:1)
  6 rime drakes
  6 eyes of devastation
  A torpor snail (shapeshifter) (Vaults:5)
  37 yaktaurs
  6 komodo dragons
  A yaktaur (shapeshifter) (Depths:3)
  11 ancient zymes
  7 freezing wraiths
  4 kobold demonologists
  A yaktaur skeleton (Vaults:3)
  7 efreet
  15 demonic crawlers (Pan)
  4 ice devils
  6 tengu conjurers
  5 tormentors (Pan)
  26 hellwings
  2 meliai (shapeshifter)
  18 red devils
  A guardian mummy (Crypt:1)
  A merfolk (shapeshifter) (D:15)
  6 polar bears
  2 trolls
  A jumping spider (shapeshifter) (Abyss:4)
  A hornet (shapeshifter) (Vaults:3)
  17 hornets
  90 slime creatures
  20 blink frogs
  10 wind drakes
  A polar bear (shapeshifter) (Vaults:1)
  A hydra zombie (Crypt:2)
  3 hydra skeletons
  A wind drake (shapeshifter) (Vaults:4)
  34 raiju
  An alligator zombie (Crypt:3)
  4 dream sheep
  2 spectral guardian serpents (Crypt:1)
  An ettin zombie (Crypt:3)
  2 harpy skeletons
  21 merfolk
  17 snapping turtles
  A raiju (shapeshifter) (Elf:2)
  2 fire dragon zombies
  17 hippogriffs
  An ice dragon zombie (Crypt:2)
  A bog body (Crypt:2)
  A stone giant simulacrum (Abyss:4)
  A human simulacrum (Vaults:2)
  A shock serpent simulacrum (Abyss:4)
  39 flying skulls
  12 starcursed masses
  2 fire dragon skeletons
  2 redbacks (Vaults:1)
  27 spriggans
  3 shadows
  A tarantella (shapeshifter) (Vaults:2)
  4 ettin skeletons
  14 water elementals
  2 ice dragon skeletons (Crypt:2)
  4 air elementals
  A tarantella (Vaults:2)
  Sigmund (D:3)
  40 ynoxinuls
  Grum (D:10)
  3 fire elementals
  15 humans (D:14)
  2 wyverns
  14 yaks
  11 wraiths
  A hog (D:13)
  A vampire (D:11)
  13 golden eyes
  A golden eye (shapeshifter) (Vaults:3)
  A basilisk (shapeshifter) (Vaults:1)
  7 basilisks
  30 chaos spawn
  2 hungry ghosts (D:10)
  24 neqoxecs
  A human (shapeshifter) (Depths:1)
  A steam dragon (D:7)
  4 vampire mosquitoes
  Menkaure (D:3)
  59 nagas
  A monstrous demonspawn zombie (Crypt:2)
  6 insubstantial wisps (Depths:5)
  A water nymph zombie (Crypt:2)
  2 acid dragons
  A soldier ant (D:12)
  4 spatial vortices
  6 wargs
  15 water moccasins
  8 porcupines
  3 hell hounds (Snake:3)
  A two-headed ogre skeleton (Crypt:1)
  A floating eye (Pan)
  14 sky beasts
  68 orc warriors
  6 eyes of draining
  15 ice beasts
  A fire dragon simulacrum (Crypt:2)
  25 ogres
  9 black bears
  A phantom (D:6)
  46 centaurs
  4 necrophages
  8 boggarts (Lair:6)
  28 wolves
  10 crocodiles
  2 snapping turtle skeletons
  A manticore skeleton (Pan)
  9 small abominations
  An elf skeleton (Vaults:3)
  9 big kobolds
  2 elf zombies
  A gnoll sergeant (D:9)
  11 bullfrogs
  8 human skeletons
  2 earth elementals (Elf:2)
  A wyvern zombie (D:6)
  3 scorpions
  8 killer bees
  A polar bear skeleton (Crypt:1)
  4 electric eels
  2 spriggan skeletons
  11 wights
  2 howler monkeys
  8 crimson imps
  3 bullfrog zombies
  3 quasits
  10 hounds
  7 human zombies
  A jelly (shapeshifter) (Depths:4)
  A centaur skeleton (Crypt:2)
  11 jellies
  2 bullfrog skeletons
  20 orc priests
  3 iron imps
  21 orc wizards
  9 iguanas
  Ijyb (D:5)
  4 lightning spires (Depths:5)
  8 worker ants
  A porcupine skeleton (Crypt:1)
  An ogre zombie (D:15)
  A naga skeleton (Pan)
  2 hound skeletons (D:6)
  A hound zombie (D:8)
  8 mummies
  A worker ant zombie (D:9)
  Robin (D:2)
  11 gnolls
  8 adders
  4 shadow imps
  9 white imps
  2 ufetubi (Vaults:1)
  17 oozes
  An adder skeleton (D:5)
  2 worms
  7 ball lightnings (Pan)
  7 dart slugs
  8 leopard geckos
  118 orcs
  A ball python (D:8)
  8 giant cockroaches
  A gnoll zombie (Crypt:1)
  9 hobgoblins
  6 jackals (D:3)
  4 quokkas
  7 bats
  5 frilled lizards
  24 goblins
  A goblin zombie (Crypt:1)
  A jackal skeleton (D:2)
  A jackal zombie (Crypt:2)
  26 kobolds
  A kobold skeleton (Crypt:2)
  A leopard gecko skeleton (D:8)
  A leopard gecko zombie (D:7)
  A quokka skeleton (D:6)
  8 rats
  3 fire vortices (Pan)
  A fungus (Lair:6)
  3 lurking horrors
  23 plants
  2 starspawn tentacles (Abyss:4)
  6 tentacles
3311 creatures vanquished.

Vanquished Creatures (collateral kills)
  3 acid blobs (Slime:5)
  A shadow demon (Pan)
  A smoke demon (Pan)
  A tormentor (Pan)
  A komodo dragon (Lair:1)
7 creatures vanquished.

Vanquished Creatures (others)
  An eldritch tentacle (Pan)
  A draconian annihilator (Pan)
  A blizzard demon (Pan)
  A green death (Pan)
  32 dancing weapons
  A deep elf mage (Vaults:5)
  2 smoke demons (Pan)
  A demonic crawler (Pan)
  A merfolk (Shoals:4)
  6 golden eyes (Abyss:4)
  4 humans (D:13)
  2 neqoxecs
  A chaos spawn (Abyss:4)
  2 large abominations
  A floating eye (Pan)
  An orc warrior (D:14)
  A killer bee (D:13)
  4 crimson imps (Depths:3)
  An orc priest (Vaults:5)
  3 small abominations
  17 ball lightnings
  A fire vortex (D:14)
  10 fungi
  A lurking horror (Abyss:4)
  59 plants
  8 starspawn tentacles
  10 tentacles
173 creatures vanquished.

Grand Total: 3491 creatures vanquished

Notes
Turn   | Place    | Note
-------+----------+-------------------------------------------
     0 | D:1      | Gorice the Hill Orc Wanderer began the quest for the Orb.
     0 | D:1      | Gorice set off with the following items: a +2 dagger, a
                  | scroll of blinking, a +0 hand crossbow, 25 bolts, a +0 ring
                  | mail, a ration
     0 | D:1      | Reached XP level 1. HP: 16/16 MP: 1/1
   141 | D:1      | Reached XP level 2. HP: 22/24 MP: 2/2
   161 | D:1      | Reached skill level 2 in Fighting
   386 | D:1      | Reached skill level 3 in Armour
   595 | D:1      | Reached XP level 3. HP: 30/30 MP: 3/3
   824 | D:2      | Reached skill level 3 in Fighting
   852 | D:2      | Identified the +2 helmet of Ibutwiuj {rCorr Dex+6}
   852 | D:2      | Noticed Robin
   860 | D:2      | Reached XP level 4. HP: 24/38 MP: 4/4
   886 | D:2      | HP: 11/38 [goblin/+0 club[Robin] (4)]
   894 | D:2      | HP: 11/38 [hobgoblin/+0 club[Robin] (1)]
   917 | D:1      | HP: 10/38 [hobgoblin/+0 club[Robin] (1)]
  1197 | D:2      | Killed Robin
  1466 | D:2      | Reached skill level 4 in Armour
  1517 | D:2      | Reached skill level 4 in Fighting
  1556 | D:2      | Noticed an ogre
  1575 | D:2      | Killed an ogre
  1575 | D:2      | Reached XP level 5. HP: 32/47 MP: 5/5
  1759 | D:2      | Found a faded altar of an unknown god.
  1772 | D:2      | Became a worshipper of Gozag Ym Sagoz the Greedy
  1945 | D:3      | Found a glowing silver altar of Zin.
  2015 | D:3      | Reached XP level 6. HP: 55/55 MP: 6/6
  2105 | D:3      | Found a burning altar of Makhleb.
  2116 | D:3      | Reached skill level 5 in Fighting
  2116 | D:3      | Reached skill level 5 in Armour
  2205 | D:3      | Noticed Sigmund
  2237 | D:3      | HP: 14/56 [Sigmund/+3 scythe (10)]
  2242 | D:3      | HP: 4/56 [Sigmund/puff of flame (4)]
  2245 | D:3      | Killed Sigmund
  2881 | D:4      | Noticed Menkaure
  2894 | D:3      | Killed Menkaure
  2894 | D:3      | Reached skill level 6 in Fighting
  2894 | D:3      | Reached skill level 6 in Armour
  2894 | D:3      | Reached XP level 7. HP: 46/64 MP: 7/7
  3266 | D:4      | Found a snail-covered altar of Cheibriados.
  3316 | D:4      | Reached skill level 7 in Fighting
  3316 | D:4      | HP: 18/66 [ogre/+0 giant club (11)]
  3558 | D:4      | Reached skill level 7 in Armour
  3578 | D:4      | Found a hide-covered altar of Uskayaw.
  3602 | D:4      | Reached XP level 8. HP: 61/73 MP: 8/8
  3622 | D:4      | Noticed a +0 hand axe
  3623 | D:4      | Noticed a +0 hand axe
  3971 | D:5      | Entered Level 5 of the Dungeon
  4045 | D:5      | Reached skill level 8 in Fighting
  4094 | D:5      | HP: 19/74 [ogre/+0 giant club (8)]
  4096 | D:5      | Noticed Ijyb
  4106 | D:5      | Reached skill level 8 in Armour
  4110 | D:5      | Killed Ijyb
  4111 | D:5      | HP: 20/75 [iguana (3)]
  4316 | D:5      | Found an ornate altar of the Wu Jian Council.
  4554 | D:6      | Found a staircase to the Ecumenical Temple.
  4575 | D:6      | Reached skill level 9 in Fighting
  4803 | D:6      | Reached XP level 9. HP: 70/84 MP: 9/9
  4928 | D:6      | Reached skill level 9 in Armour
  5053 | D:6      | Found a radiant altar of Vehumet.
  5842 | D:6      | Reached skill level 10 in Fighting
  5931 | D:7      | Found a shadowy altar of Dithmenos.
  6033 | D:7      | Got an encrusted cloak
  6040 | D:7      | Identified the +3 cloak "Xypranih" {Dex+3 Stlth+} (You
                  | found it on level 7 of the Dungeon)
  6044 | D:7      | Found a deep blue altar of Sif Muna.
  6110 | D:7      | Reached skill level 2 in Axes
  6383 | D:7      | Reached skill level 3 in Axes
  6397 | D:7      | Found a stormy altar of Qazlal.
  6470 | D:7      | HP: 24/85 [poisoned by an orc priest]
  6475 | D:7      | HP: 26/127 [poisoned by an orc priest]
  6480 | D:7      | HP: 20/127 [poisoned by an orc priest]
  6485 | D:7      | HP: 16/127 [poisoned by an orc priest]
  6490 | D:7      | HP: 14/127 [poisoned by an orc priest]
  6496 | D:7      | HP: 13/127 [poisoned by an orc priest]
  6502 | D:7      | HP: 8/85 [poisoned by an orc priest]
  6511 | D:7      | HP: 8/85 [poisoned by an orc priest]
  6924 | D:7      | Found a blossoming altar of Fedhas.
  7243 | Temple   | Entered the Ecumenical Temple
  7543 | D:7      | Reached skill level 4 in Axes
  7681 | D:8      | Reached skill level 5 in Axes
  7681 | D:8      | Reached skill level 10 in Armour
  7776 | D:7      | Reached skill level 6 in Axes
  7860 | D:8      | Reached skill level 7 in Axes
  7890 | D:8      | Noticed a two-headed ogre
  7893 | D:8      | Reached XP level 10. HP: 90/93 MP: 10/10
  7915 | D:8      | Killed a two-headed ogre
  7915 | D:8      | Reached skill level 8 in Axes
  8186 | D:8      | Reached skill level 9 in Axes
  8379 | D:8      | Found an iron altar of Okawaru.
  8723 | D:8      | Reached skill level 11 in Armour
  8876 | D:8      | Reached skill level 10 in Axes
  9169 | D:9      | Found a staircase to the Lair.
  9169 | D:9      | Noticed an elephant
  9359 | D:9      | Killed an elephant
  9359 | D:9      | Reached skill level 11 in Axes
  9396 | D:9      | Found a sparkling altar of Nemelex Xobeh.
  9893 | D:9      | Found a bloodstained altar of Trog.
 10351 | Lair:1   | Entered Level 1 of the Lair of Beasts
 10384 | Lair:1   | Noticed a spiny frog
 10403 | Lair:1   | Killed a spiny frog
 10403 | Lair:1   | Reached XP level 11. HP: 85/99 MP: 11/11
 10406 | Lair:1   | Reached skill level 12 in Axes
 10615 | Lair:1   | Noticed Fannar
 10660 | Lair:1   | HP: 28/99 [Fannar/bolt of cold (19)]
 10663 | Lair:1   | Killed Fannar
 10663 | Lair:1   | Reached skill level 12 in Armour
 10666 | Lair:1   | HP: 28/99 [poisoned by a black mamba]
 10671 | Lair:1   | HP: 28/99 [poisoned by a black mamba]
 10850 | Lair:1   | Reached skill level 13 in Axes
 11055 | Lair:1   | Noticed Nergalle
 11086 | Lair:1   | Killed Nergalle
 11286 | Lair:1   | Noticed Sonja
 11299 | Lair:1   | HP: 29/99 [poisoned by Sonja]
 11302 | Lair:1   | HP: 7/99 [poisoned by Sonja]
 11332 | Lair:1   | HP: 23/99 [poisoned by Sonja]
 11340 | Lair:1   | Killed Sonja
 11340 | Lair:1   | HP: 25/99 [poisoned by Sonja]
 11345 | Lair:1   | HP: 24/99 [basilisk (7)]
 11387 | Lair:1   | HP: 29/99 [poisoned by Sonja]
 11397 | Lair:1   | HP: 29/99 [poisoned by Sonja]
 11405 | Lair:1   | HP: 29/99 [poisoned by Sonja]
 12121 | Lair:1   | Reached skill level 14 in Axes
 12316 | Lair:1   | Noticed a four-headed hydra
 12332 | Lair:1   | Killed a five-headed hydra
 12649 | Lair:2   | Reached XP level 12. HP: 106/106 MP: 12/12
 12712 | Lair:2   | Reached skill level 15 in Axes
 12767 | Lair:2   | HP: 31/106 [blink frog (9)]
 12769 | Lair:2   | HP: 12/106 [blink frog (11)]
 12780 | Lair:2   | Reached skill level 13 in Armour
 13156 | Lair:2   | Found a staircase to the Snake Pit.
 13556 | Lair:2   | Noticed a four-headed hydra
 13568 | Lair:2   | Killed a four-headed hydra
 13895 | Lair:3   | Noticed Urug
 13903 | Lair:3   | Reached skill level 16 in Axes
 13909 | Lair:3   | HP: 25/106 [Urug/+0 broad axe of electrocution (20)]
 13912 | Lair:3   | Killed Urug
 13914 | Lair:3   | HP: 14/106 [poisoned by a black mamba]
 13919 | Lair:3   | HP: 12/106 [poisoned by a black mamba]
 13926 | Lair:3   | HP: 11/106 [poisoned by a black mamba]
 13933 | Lair:3   | HP: 11/106 [poisoned by a black mamba]
 13941 | Lair:3   | HP: 11/106 [poisoned by a black mamba]
 14251 | Lair:3   | Found a staircase to the Shoals.
 14952 | Lair:4   | Reached skill level 17 in Axes
 15084 | Lair:4   | Noticed a five-headed hydra
 15097 | Lair:4   | Killed a five-headed hydra
 15097 | Lair:4   | Reached skill level 14 in Armour
 15194 | Lair:4   | Reached XP level 13. HP: 101/113 MP: 13/13
 15319 | Lair:4   | Reached skill level 18 in Axes
 15874 | Lair:5   | Found a staircase to the Slime Pits.
 16641 | Lair:5   | Noticed Snorg
 16657 | Lair:5   | Killed Snorg
 16657 | Lair:5   | Reached skill level 19 in Axes
 17216 | Lair:6   | Entered Level 6 of the Lair of Beasts
 17227 | Lair:5   | Reached skill level 15 in Armour
 17429 | Lair:6   | HP: 33/113 [poisoned by a black mamba]
 17434 | Lair:6   | HP: 23/113 [poisoned by a black mamba]
 17439 | Lair:5   | HP: 16/113 [poisoned by a black mamba]
 17444 | Lair:5   | HP: 12/113 [poisoned by a black mamba]
 17450 | Lair:5   | HP: 10/113 [poisoned by a black mamba]
 17456 | Lair:5   | HP: 8/113 [poisoned by a black mamba]
 17462 | Lair:5   | HP: 8/113 [poisoned by a black mamba]
 17469 | Lair:5   | HP: 8/113 [poisoned by a black mamba]
 18021 | Lair:6   | Reached XP level 14. HP: 96/121 MP: 14/14
 18827 | Lair:6   | Reached skill level 16 in Armour
 18872 | Lair:6   | Reached skill level 1 in Evocations
 18910 | Lair:6   | Reached skill level 2 in Evocations
 19039 | Lair:6   | Reached skill level 3 in Evocations
 19276 | Lair:6   | Reached skill level 11 in Fighting
 19689 | D:10     | Entered Level 10 of the Dungeon
 19689 | D:10     | Found Ruihyl's General Store.
 19689 | D:10     | Found Gaaj's Antique Weapon Shop.
 19710 | D:10     | Reached skill level 4 in Evocations
 19782 | D:10     | Bought a runed battleaxe for 294 gold pieces
 19791 | D:10     | Found Fozasm's Gadget Shop.
 19933 | D:10     | Identified the +6 rapier of the Endless Queens {holy,
                  | +Blink +Inv}
 19933 | D:10     | Noticed Grum
 19949 | D:10     | Killed Grum
 19967 | D:10     | Found a staircase to the Orcish Mines.
 20006 | D:10     | Found Ucias's Assorted Antiques.
 20009 | D:10     | Bought a scroll labeled ZISUXU XUGRED for 32 gold pieces
 20009 | D:10     | Bought an opal ring for 160 gold pieces
 20118 | D:10     | Found Jirodot's Distillery.
 20126 | D:10     | Bought a potion of curing for 42 gold pieces
 20126 | D:10     | Bought a potion of curing for 42 gold pieces
 20126 | D:10     | Bought a potion of curing for 42 gold pieces
 20126 | D:10     | Bought a potion of heal wounds for 70 gold pieces
 20126 | D:10     | Bought a potion of haste for 140 gold pieces
 20210 | Orc:1    | Entered Level 1 of the Orcish Mines
 20599 | Orc:1    | Reached skill level 5 in Evocations
 20793 | Orc:2    | Entered Level 2 of the Orcish Mines
 20795 | Orc:2    | Found a frozen archway.
 20801 | IceCv    | Entered an ice cave
 21144 | IceCv    | Reached skill level 12 in Fighting
 21200 | IceCv    | Reached skill level 6 in Evocations
 21427 | Orc:2    | Noticed Saint Roka
 21477 | Orc:1    | Killed Saint Roka
 21714 | Orc:2    | Reached XP level 15. HP: 130/134 MP: 17/20
 21797 | Orc:2    | Reached skill level 7 in Evocations
 22289 | Orc:2    | Reached skill level 13 in Fighting
 22872 | Orc:1    | Reached skill level 8 in Evocations
 23244 | Orc:2    | Found a staircase to the Elven Halls.
 23335 | Orc:2    | Found Evihaci's Antique Weapon Shoppe.
 23335 | Orc:2    | Found Pihank's Magic Scroll Boutique.
 23337 | Orc:2    | Found Nerompuh's Book Shop.
 23339 | Orc:2    | Found Etties's Food Emporium.
 23491 | D:11     | Reached skill level 1 in Throwing
 23504 | D:11     | Found a flagged portal.
 23558 | Bailey   | Entered a bailey
 23994 | Bailey   | HP: 35/136 [orc warrior/+0 dire flail[an orc] (18)]
 24001 | Bailey   | Reached skill level 2 in Throwing
 24339 | Bailey   | Reached skill level 5 in Throwing
 24339 | Bailey   | Reached XP level 16. HP: 135/145 MP: 22/22
 24607 | D:11     | HP: 36/145 [orc priest/divine providence (10)]
 24613 | D:11     | HP: 35/145 [poisoned by a killer bee]
 24620 | D:11     | HP: 23/145 [orc priest/+0 morningstar (6)]
 24627 | D:11     | HP: 21/145 [poisoned by a killer bee]
 24696 | D:11     | HP: 42/145 [shadow imp/nerve-wracking pain (2)]
 24702 | D:11     | HP: 41/145 [orc/stone (3)]
 24711 | D:11     | HP: 42/145 [orc/+0 dagger (1)]
 25003 | D:11     | Reached skill level 6 in Throwing
 25527 | D:12     | Reached skill level 14 in Fighting
 26527 | D:12     | Reached skill level 7 in Throwing
 26532 | D:13     | Noticed Kirke
 26541 | D:13     | Killed Kirke
 26634 | D:13     | Learned a level 1 spell: Apportation
 27709 | D:14     | Reached skill level 15 in Fighting
 27725 | D:14     | Reached skill level 8 in Throwing
 27941 | D:14     | Noticed Josephine
 27989 | D:14     | Reached skill level 1 in Dodging
 28038 | D:14     | Killed Josephine
 28146 | D:14     | Reached skill level 2 in Dodging
 28291 | D:14     | Reached XP level 17. HP: 131/156 MP: 18/23
 28700 | D:14     | Found a gate to the Vaults.
 28713 | D:14     | Reached skill level 3 in Dodging
 28868 | D:15     | Entered Level 15 of the Dungeon
 28910 | D:15     | Found Rufeon's Book Emporium.
 29118 | D:15     | Found a staircase to the Depths.
 29124 | D:15     | Reached skill level 16 in Fighting
 29202 | D:15     | Reached skill level 4 in Dodging
 29512 | D:15     | Found a basalt altar of Yredelemnul.
 29609 | D:15     | Reached skill level 5 in Dodging
 29691 | D:15     | Found a burning altar of Makhleb.
 30014 | Snake:1  | Entered Level 1 of the Snake Pit
 30705 | Snake:1  | Reached skill level 6 in Dodging
 31017 | Snake:1  | Noticed Aizul
 31035 | Snake:1  | Killed Aizul
 31417 | Snake:1  | Got a translucent glaive
 31503 | Snake:1  | HP: 47/158 [poisoned by a naga ritualist (toxic radiance)]
 31508 | Snake:1  | HP: 47/158 [poisoned by a naga ritualist (toxic radiance)]
 32582 | Snake:2  | Found Tikuk's Assorted Antiques.
 32598 | Snake:2  | Identified the +4 glaive "Ughubbyi" {flame, +Inv rElec}
                  | (You found it on level 1 of the Snake Pit)
 32613 | Snake:2  | Found Siullio's General Store.
 32616 | Snake:2  | Reached skill level 7 in Dodging
 32754 | Snake:2  | Bought a scroll labeled HEGEZU KEUMOIT for 32 gold pieces
 32773 | Snake:2  | Found Qecokezuna's Armour Emporium.
 32883 | Snake:2  | Reached skill level 17 in Armour
 33046 | Snake:2  | Bought the +8 plate armour of Miyran {Int+6} for 991 gold
                  | pieces
 33062 | Snake:2  | Bought a +4 ring of slaying for 1482 gold pieces
 33072 | Snake:2  | Bought a ration for 95 gold pieces
 33588 | Snake:3  | Noticed Vashnia
 33597 | Snake:3  | Reached skill level 8 in Dodging
 33857 | Snake:3  | Reached XP level 18. HP: 166/166 MP: 24/24
 33937 | Snake:3  | Noticed Azrael
 33963 | Snake:3  | Killed Azrael
 34078 | Snake:3  | Noticed Louise
 34092 | Snake:3  | Killed Louise
 34868 | Snake:3  | Killed Vashnia
 34868 | Snake:3  | Reached skill level 9 in Dodging
 35315 | Snake:3  | Reached skill level 18 in Armour
 35724 | Shoals:1 | Entered Level 1 of the Shoals
 35752 | Lair:3   | HP: 46/166 [merfolk/+1 trident of flaming (5)]
 36945 | Shoals:2 | HP: 44/166 [barbs]
 36953 | Shoals:1 | HP: 44/166 [poisoned by a sea snake]
 36961 | Shoals:1 | HP: 45/166 [poisoned by a sea snake]
 37738 | Shoals:2 | Reached skill level 10 in Dodging
 38145 | Shoals:3 | Found Agedgh's Assorted Antiques.
 39383 | Shoals:3 | Reached skill level 19 in Armour
 39833 | Snake:4  | Entered Level 4 of the Snake Pit
 39988 | Snake:4  | Reached XP level 19. HP: 155/174 MP: 23/25
 40360 | Snake:4  | Got a glittering ivory ring
 40361 | Snake:4  | Identified the ring of Sutemy {rF+ rN+} (You found it on
                  | level 4 of the Snake Pit)
 40496 | Snake:4  | Reached skill level 17 in Fighting
 41630 | Snake:4  | HP: 36/177 [naga sharpshooter/bolt (20)]
 41635 | Snake:4  | HP: 34/177 [poisoned by a naga ritualist (splash of
                  | poison)]
 41641 | Snake:4  | HP: 32/177 [poisoned by a naga ritualist (splash of
                  | poison)]
 41646 | Snake:4  | HP: 32/177 [poisoned by a naga ritualist (splash of
                  | poison)]
 41653 | Snake:4  | HP: 33/177 [poisoned by a naga ritualist (splash of
                  | poison)]
 41657 | Snake:4  | HP: 14/177 [black mamba (9)]
 41662 | Snake:3  | HP: 34/177 [poisoned by a naga warrior (splash of poison)]
 41667 | Snake:3  | HP: 34/177 [poisoned by a naga warrior (splash of poison)]
 41675 | Snake:3  | HP: 35/177 [poisoned by a naga warrior (splash of poison)]
 42658 | Snake:4  | HP: 53/179 [poisoned by a nagaraja (splash of poison)]
 43069 | Snake:4  | Reached skill level 18 in Fighting
 43084 | Snake:4  | Reached skill level 20 in Armour
 43141 | Snake:4  | HP: 53/179 [poisoned by a nagaraja (bolt of poison)]
 43159 | Snake:4  | Got a serpentine rune of Zot
 43502 | Snake:2  | Bought a runed cloak for 240 gold pieces
 43513 | Snake:2  | Bought a scroll of enchant armour for 142 gold pieces
 43674 | D:10     | Bought a ration for 50 gold pieces
 43775 | Orc:2    | Bought a ration for 55 gold pieces
 43775 | Orc:2    | Bought a ration for 55 gold pieces
 43775 | Orc:2    | Bought a ration for 55 gold pieces
 43775 | Orc:2    | Bought a ration for 55 gold pieces
 43775 | Orc:2    | Bought a ration for 55 gold pieces
 43775 | Orc:2    | Bought a ration for 55 gold pieces
 43775 | Orc:2    | Bought a ration for 55 gold pieces
 43775 | Orc:2    | Bought a ration for 55 gold pieces
 43775 | Orc:2    | Bought a ration for 55 gold pieces
 43890 | Lair:1   | Upgraded the game from 0.24-a0-203-gf0bc1e9 to
                  | 0.24-a0-205-g1d96822
 44018 | Vaults:1 | Entered Level 1 of the Vaults
 44623 | Vaults:1 | Noticed a lich
 44645 | Vaults:1 | Killed a lich
 45099 | Vaults:1 | Reached XP level 20. HP: 158/189 MP: 26/26
 45117 | Vaults:1 | Reached skill level 19 in Fighting
 45669 | Vaults:2 | Found Ukke's Weapon Emporium.
 45733 | Vaults:2 | Found Esimohas's General Store.
 46225 | Vaults:2 | Reached skill level 21 in Armour
 46547 | Vaults:2 | Found Pustiyc's General Store.
 46695 | Vaults:2 | Found Gutefea's Jewellery Emporium.
 47234 | Vaults:2 | Bought a ration for 75 gold pieces
 47288 | Vaults:2 | Bought a ration for 110 gold pieces
 47340 | Vaults:3 | Reached skill level 20 in Fighting
 47342 | Vaults:3 | Noticed Jory
 47541 | Vaults:3 | Killed Jory
 47879 | Vaults:3 | Noticed Sojobo
 47909 | Vaults:3 | Killed Sojobo
 48207 | Vaults:3 | Found Zaotuof's Armour Boutique.
 48435 | Vaults:3 | Found Leapnon's Distillery.
 48441 | Vaults:3 | Bought a potion of heal wounds for 115 gold pieces
 48650 | Vaults:3 | Reached XP level 21. HP: 200/202 MP: 25/27
 48740 | Vaults:3 | Reached skill level 22 in Armour
 48741 | Vaults:3 | Found a staircase to the Crypt.
 48857 | Vaults:3 | Reached skill level 21 in Fighting
 49097 | Vaults:3 | Found Ynuteg's Antique Armour Boutique.
 49101 | Vaults:3 | Found Xuvais's Gadget Shop.
 49102 | Vaults:3 | Bought a pair of embroidered gloves for 285 gold pieces
 49710 | Vaults:4 | Reached skill level 22 in Fighting
 49781 | Vaults:4 | Reached skill level 1 in Spellcasting
 49781 | Vaults:4 | Reached skill level 1 in Translocations
 49811 | Vaults:4 | Learned a level 2 spell: Swiftness
 49935 | Vaults:4 | Reached skill level 2 in Translocations
 49950 | Vaults:4 | Reached skill level 2 in Spellcasting
 50059 | Vaults:4 | Reached skill level 3 in Translocations
 50088 | Vaults:4 | Reached skill level 3 in Spellcasting
 50092 | Vaults:4 | HP: 61/207 [lich/poison arrow (35)]
 50094 | Vaults:4 | HP: 27/207 [poisoned by a lich (poison arrow)]
 50099 | Vaults:4 | HP: 15/207 [yaktaur captain/bolt (20)]
 50100 | Vaults:4 | HP: 6/207 [yaktaur captain (9)]
 50733 | Vaults:4 | Reached skill level 4 in Translocations
 50762 | Vaults:4 | Reached skill level 4 in Spellcasting
 50768 | Vaults:4 | HP: 61/207 [vault warden/+0 great mace (14)]
 50780 | Vaults:4 | HP: 47/207 [stone giant (6)]
 50788 | Vaults:4 | HP: 27/207 [yaktaur captain/bolt (22)]
 50794 | Vaults:4 | HP: 24/207 [yaktaur captain (5)]
 50800 | Vaults:4 | HP: 57/207 [vault sentinel/+0 morningstar of flaming (13)]
 50826 | Vaults:4 | HP: 42/207 [vault sentinel/+0 morningstar (13)]
 50830 | Vaults:4 | Reached skill level 5 in Translocations
 51246 | Vaults:4 | Found the +9 scales of the Dragon King {rPois rF+ rC+ MR+}
 52320 | Vaults:3 | Bought the +0 mask of the Dragon {MR+ Slay+3 SInv} for 1269
                  | gold pieces
 52320 | Vaults:3 | Found the +0 mask of the Dragon {MR+ Slay+3 SInv}
 52676 | Shoals:4 | Entered Level 4 of the Shoals
 52793 | Shoals:4 | Reached skill level 5 in Spellcasting
 53032 | Shoals:4 | Reached XP level 22. HP: 186/215 MP: 23/29
 53206 | Shoals:4 | Reached skill level 6 in Translocations
 53567 | Shoals:4 | HP: 59/215 [merfolk javelineer/javelin of penetration (15)]
 54269 | Shoals:4 | Reached skill level 6 in Spellcasting
 54468 | Shoals:4 | Got a barnacled rune of Zot
 54598 | Shoals:4 | Found a large runed translucent door.
 54599 | Shoals:4 | Found a large runed translucent door.
 54602 | Shoals:4 | Noticed Dominolapin's ghost (adept DrVM)
 54623 | Shoals:4 | Killed Dominolapin's ghost
 55099 | Crypt:1  | Entered Level 1 of the Crypt
 55122 | Crypt:1  | Reached skill level 7 in Translocations
 55678 | Crypt:1  | Noticed Bai Suzhen
 55692 | Crypt:1  | Killed Bai Suzhen
 55692 | Crypt:1  | Reached skill level 7 in Spellcasting
 56094 | Crypt:2  | Reached skill level 8 in Translocations
 56167 | Crypt:2  | Reached skill level 1 in Charms
 56167 | Crypt:2  | Reached skill level 1 in Air Magic
 56343 | Crypt:2  | Found the +9 staff of Wucad Mu {channel}
 56344 | Crypt:2  | Found the +10 dark maul {crush}
 56354 | Crypt:2  | Found the +10 morningstar "Eos" {elec, Halo rElec}
 56365 | Crypt:2  | Reached skill level 2 in Charms
 56460 | Crypt:2  | Reached skill level 2 in Air Magic
 56467 | Crypt:2  | Got an ancient chain mail
 56501 | Crypt:2  | Got an ebony hand crossbow
 56517 | Crypt:2  | --wow that vault was artifact city!
 56517 | Crypt:2  | --Including 3 fixedarts!
 56517 | Crypt:2  | Identified the +6 chain mail "Vehemyt" {rCorr Int+3 Slay+3}
                  | (You found it on level 2 of the Crypt)
 56518 | Crypt:2  | Identified the +6 hand crossbow of Keorruurch {elec, *Drain
                  | Int+3 Dex+4} (You found it on level 2 of the Crypt)
 57840 | Crypt:3  | Entered Level 3 of the Crypt
 57847 | Crypt:3  | Reached skill level 3 in Charms
 57926 | Crypt:3  | Reached skill level 3 in Air Magic
 58146 | Crypt:3  | Reached skill level 8 in Spellcasting
 58217 | Crypt:3  | Got a crude ivory ring
 58217 | Crypt:3  | Got an ancient lapis lazuli ring
 58225 | Crypt:3  | Identified the ring of Romupp {rElec rN+ Str+4 Stlth-} (You
                  | found it on level 3 of the Crypt)
 58226 | Crypt:3  | Identified the ring "Fuorhawn" {*Slow rPois rC++ rN+ Dex+3}
                  | (You found it on level 3 of the Crypt)
 58332 | Crypt:3  | Reached XP level 23. HP: 200/223 MP: 33/35
 58436 | Crypt:3  | Reached skill level 4 in Charms
 58461 | Crypt:3  | Reached skill level 9 in Translocations
 58586 | Crypt:3  | Upgraded the game from 0.24-a0-205-g1d96822 to
                  | 0.24-a0-217-g1152973
 58631 | Crypt:3  | Reached skill level 4 in Air Magic
 58696 | Crypt:3  | Found a staircase to the Tomb.
 59086 | Crypt:3  | Reached skill level 5 in Charms
 59158 | Crypt:3  | Found a basalt altar of Yredelemnul.
 59158 | Crypt:3  | Noticed an ancient lich
 59171 | Crypt:3  | Killed an ancient lich
 59230 | Crypt:3  | Got an ichor-stained great sword
 59776 | Elf:1    | Entered Level 1 of the Elven Halls
 59864 | Elf:1    | Reached skill level 5 in Air Magic
 60031 | Elf:1    | Learned a level 3 spell: Regeneration
 60544 | Elf:1    | Reached skill level 9 in Spellcasting
 60910 | Elf:2    | Reached skill level 6 in Charms
 61090 | Elf:2    | Found a runed translucent door.
 61113 | Elf:2    | Found a runed translucent door.
 61172 | Elf:2    | Reached skill level 10 in Translocations
 61424 | Elf:2    | Reached skill level 6 in Air Magic
 61672 | Elf:2    | Gained mutation: You are dopey. (Int -2) [a neqoxec]
 62039 | Elf:2    | Reached skill level 7 in Charms
 62496 | Elf:3    | Entered Level 3 of the Elven Halls
 62496 | Elf:3    | Found Syuluum's Armour Boutique.
 62628 | Elf:3    | Reached XP level 24. HP: 212/231 MP: 36/36
 62985 | Elf:3    | Reached skill level 7 in Air Magic
 63217 | Elf:3    | Identified the +7 scythe "Olejipsu" {slice, +Rage Int+2
                  | Dex+4}
 63254 | Elf:3    | Reached skill level 8 in Charms
 63605 | Elf:3    | Reached skill level 10 in Spellcasting
 63698 | Elf:3    | Identified the +2 storm dragon scales of Baffy {rElec
                  | Stlth+}
 63981 | Elf:3    | Identified the cursed +2 quarterstaff of the World {flame,
                  | rF+ MR+}
 64138 | Elf:3    | Identified the +7 broad axe of Kisougic {freeze, Dex+4}
 64138 | Elf:3    | Identified the ring "Xuts" {*Tele rN+}
 64166 | Elf:3    | Reached skill level 8 in Air Magic
 64374 | Lair:1   | Identified the +0 great sword of Bovos {holy, rC+ Int+5
                  | Stlth-} (You found it on level 3 of the Crypt)
 64603 | Elf:3    | Learned a level 3 spell: Portal Projectile
 64608 | Elf:3    | Learned a level 4 spell: Airstrike
 64625 | Elf:3    | Learned a level 1 spell: Animate Skeleton
 65630 | Depths:1 | Entered Level 1 of the Depths
 65743 | Depths:1 | Reached skill level 1 in Hexes
 65784 | Depths:1 | Noticed Mara
 65793 | Depths:1 | Killed Mara
 65793 | Depths:1 | Reached skill level 9 in Charms
 65832 | Depths:1 | Reached skill level 2 in Hexes
 65909 | Depths:1 | HP: 60/231 [stone giant/large rock (17)]
 66328 | Depths:1 | Found a gateway to Hell.
 66354 | Depths:1 | Reached skill level 3 in Hexes
 66612 | Depths:1 | Reached skill level 4 in Hexes
 67088 | Depths:2 | Reached skill level 9 in Air Magic
 67206 | Depths:2 | Reached skill level 11 in Spellcasting
 67218 | Depths:2 | Found a gateway to a ziggurat.
 67341 | Depths:2 | Found a one-way gate to the infinite horrors of the Abyss.
 67351 | Depths:2 | Reached skill level 10 in Charms
 67399 | Depths:2 | Reached skill level 5 in Hexes
 67399 | Depths:2 | Reached XP level 25. HP: 207/238 MP: 35/38
 67451 | Depths:2 | Reached skill level 1 in Necromancy
 67599 | Depths:2 | Reached skill level 2 in Necromancy
 67605 | Depths:2 | Noticed an ancient lich
 67614 | Depths:2 | Killed an ancient lich
 68220 | Depths:2 | Reached skill level 6 in Hexes
 68220 | Depths:2 | Reached skill level 3 in Necromancy
 68476 | Depths:3 | Found a one-way gate leading to the halls of Pandemonium.
 69173 | Depths:2 | Reached skill level 4 in Necromancy
 69456 | Depths:3 | Noticed Xtahua
 69458 | Depths:3 | Noticed a juggernaut
 69480 | Depths:3 | Killed a juggernaut
 69480 | Depths:3 | Reached skill level 10 in Air Magic
 69483 | Depths:3 | Reached skill level 7 in Hexes
 69492 | Depths:3 | Killed Xtahua
 69502 | Depths:3 | Reached skill level 5 in Necromancy
 69999 | Depths:3 | Found Heqov's Antique Weapon Emporium.
 70569 | Depths:3 | HP: 60/238 [hellion/damnation (25)]
 70941 | Depths:2 | Reached skill level 6 in Necromancy
 70945 | Depths:2 | Reached skill level 8 in Hexes
 71072 | Depths:3 | Identified the amulet of Pelurheg {Spirit rElec rN+ Stlth+}
 72051 | Depths:2 | Reached skill level 12 in Spellcasting
 72281 | Depths:3 | Identified the +1 buckler of Ycaprola {Regen+}
 72287 | Depths:3 | Found the +15 Maxwell's patent armour {-Cast -Tele rElec
                  | MR+ rCorr}
 73182 | Depths:4 | Reached XP level 26. HP: 236/246 MP: 38/39
 73187 | Depths:4 | Reached skill level 7 in Necromancy
 73369 | Depths:4 | Reached skill level 9 in Hexes
 73411 | Depths:4 | Reached skill level 11 in Air Magic
 74100 | Depths:4 | Found Osmolum's Jewellery Shop.
 74100 | Depths:4 | Found Wiydghopn's Gadget Shoppe.
 74102 | Depths:4 | Found Luav's Gadget Shoppe.
 74111 | Depths:4 | Bought a box of beasts for 220 gold pieces
 74130 | Depths:4 | Identified a scroll of acquirement
 74146 | Depths:4 | Identified the +10 plate armour of Qahidio {+Fly rPois}
                  | (You found it on level 4 of the Depths)
 74635 | Depths:5 | Entered Level 5 of the Depths
 74635 | Depths:5 | Found Gilomn's Distillery.
 74731 | Depths:5 | Reached skill level 8 in Necromancy
 74767 | Depths:5 | Bought a potion of haste for 210 gold pieces
 74767 | Depths:5 | Bought a potion of heal wounds for 105 gold pieces
 74767 | Depths:5 | Bought a potion of haste for 210 gold pieces
 74767 | Depths:5 | Bought a potion of haste for 210 gold pieces
 74767 | Depths:5 | Bought a potion of heal wounds for 105 gold pieces
 74767 | Depths:5 | Bought a potion of heal wounds for 105 gold pieces
 74767 | Depths:5 | Bought a potion of curing for 63 gold pieces
 75106 | Depths:5 | Upgraded the game from 0.24-a0-217-g1152973 to
                  | 0.24-a0-218-ga595e75
 75145 | Depths:4 | Reached skill level 10 in Hexes
 75593 | Depths:5 | Found a gate to the Realm of Zot.
 75708 | Depths:5 | Reached skill level 9 in Necromancy
 76026 | Depths:5 | Found a runed translucent door.
 77165 | Vaults:5 | Entered Level 5 of the Vaults
 77292 | Vaults:4 | Reached skill level 12 in Air Magic
 77328 | Vaults:4 | Reached skill level 13 in Spellcasting
 77335 | Vaults:4 | Reached skill level 11 in Hexes
 77355 | Vaults:4 | Learned a level 1 spell: Summon Butterflies
 77360 | Vaults:4 | Learned a level 4 spell: Summon Lightning Spire
 77427 | Vaults:4 | Reached skill level 1 in Summonings
 77461 | Vaults:4 | Reached skill level 10 in Necromancy
 77462 | Vaults:4 | Reached skill level 2 in Summonings
 77653 | Vaults:4 | Reached skill level 3 in Summonings
 77671 | Vaults:4 | Reached XP level 27. HP: 172/254 MP: 27/40
 77679 | Vaults:4 | Reached skill level 4 in Summonings
 77869 | Vaults:4 | Reached skill level 5 in Summonings
 78172 | Vaults:4 | Reached skill level 6 in Summonings
 78181 | Vaults:5 | Noticed Frederick
 78356 | Vaults:4 | Reached skill level 7 in Summonings
 78579 | Vaults:4 | Reached skill level 8 in Summonings
 78830 | Vaults:4 | Killed Frederick
 79053 | Vaults:4 | Reached skill level 9 in Summonings
 79344 | Vaults:4 | Reached skill level 10 in Summonings
 79377 | Vaults:5 | Reached skill level 20 in Axes
 79469 | Vaults:5 | Found Xaumeiri's General Store.
 79506 | Vaults:5 | Bought a scroll of enchant armour for 112 gold pieces
 79915 | Vaults:5 | Got a silver rune of Zot
 80069 | Vaults:5 | Found the +12 Vampire's Tooth {vamp}
 80218 | Vaults:5 | Reached skill level 21 in Axes
 80809 | Slime:1  | Entered Level 1 of the Pits of Slime
 80960 | Slime:3  | Found a viscous altar of Jiyva.
 80995 | Slime:5  | Entered Level 5 of the Pits of Slime
 81185 | Slime:5  | Noticed the Royal Jelly
 81400 | Slime:5  | Noticed Dissolution
 81713 | Slime:5  | HP: 75/254 [acid (5)]
 81718 | Slime:4  | HP: 76/254 [acid (1)]
 82298 | Slime:3  | Reached skill level 11 in Summonings
 82924 | Slime:4  | Reached skill level 22 in Axes
 83089 | Slime:5  | Found a viscous altar of Jiyva.
 83097 | Slime:5  | Killed the Royal Jelly
 83158 | Slime:5  | Identified the Almanac of the Mountains
 83177 | Slime:5  | Got a fine silver ring
 83179 | Slime:5  | Identified the Catalogue of the Escort
 83183 | Slime:5  | Paralysed by a floating eye for 3 turns
 83193 | Slime:5  | Killed Dissolution
 83193 | Slime:5  | Reached skill level 12 in Summonings
 83203 | Slime:5  | Got a slimy rune of Zot
 83223 | Slime:5  | Found the amulet of Vitality {Regen+ HP+15}
 83276 | Slime:5  | Identified the ring "Tuzec" {+Inv MR+ Int+2 SInv} (You
                  | found it on level 5 of the Pits of Slime)
 84203 | Depths:5 | Bought a ration for 65 gold pieces
 84203 | Depths:5 | Bought a ration for 65 gold pieces
 84203 | Depths:5 | Bought a ration for 65 gold pieces
 84203 | Depths:5 | Bought a ration for 65 gold pieces
 84203 | Depths:5 | Bought a ration for 65 gold pieces
 84203 | Depths:5 | Bought a ration for 65 gold pieces
 84203 | Depths:5 | Bought a ration for 65 gold pieces
 84203 | Depths:5 | Bought a ration for 65 gold pieces
 84203 | Depths:5 | Bought a ration for 65 gold pieces
 84203 | Depths:5 | Bought a ration for 65 gold pieces
 84203 | Depths:5 | Bought a ration for 65 gold pieces
 84203 | Depths:5 | Bought a ration for 65 gold pieces
 84203 | Depths:5 | Bought a ration for 65 gold pieces
 84203 | Depths:5 | Bought a ration for 65 gold pieces
 84203 | Depths:5 | Bought a ration for 65 gold pieces
 84205 | Depths:5 | Bought the +2 hat of the Bear Spirit {Spirit, +Rage rN+
                  | MR++} for 821 gold pieces
 84205 | Depths:5 | Found the +2 hat of the Bear Spirit {Spirit, +Rage rN+
                  | MR++}
 84668 | Pan      | Entered Pandemonium
 84672 | Pan      | Noticed Tuetetin the pandemonium lord
 84683 | Pan      | Killed Tuetetin the pandemonium lord
 84851 | Pan      | Reached skill level 23 in Axes
 84942 | Pan      | Found an exit through the horrors of the Abyss.
 85012 | Pan      | Reached skill level 9 in Evocations
 85438 | Pan      | Found a transporter.
 85721 | Pan      | Reached skill level 10 in Evocations
 85894 | Pan      | Found a transporter.
 86251 | Pan      | Reached skill level 11 in Evocations
 86258 | Pan      | Reached skill level 24 in Axes
 86389 | Pan      | Got a coiled brass amulet
 86390 | Pan      | Identified the amulet "Ucin" {+Rage rElec Int+2 Dex+4} (You
                  | found it in Pandemonium)
 86407 | Pan      | Got a scintillating copper ring
 86418 | Pan      | Got a glittering pewter ring
 86423 | Pan      | Identified the ring "Fieluf" {+Fly MP-9 Int+5} (You found
                  | it in Pandemonium)
 86424 | Pan      | Identified the ring "Kemihize" {MP+9 Str+7 Dex-2} (You
                  | found it in Pandemonium)
 86546 | Pan      | Gained mutation: You are frail. (-10% HP) [a cacodemon]
 86548 | Pan      | Gained mutation: Your spells are a little easier to cast,
                  | but a little less powerful. [a cacodemon]
 86599 | Pan      | Gained mutation: Your spells are easier to cast, but less
                  | powerful. [a cacodemon]
 86601 | Pan      | Gained mutation: Your spells are much easier to cast, but
                  | much less powerful. [a cacodemon]
 86772 | Pan      | Reached skill level 12 in Evocations
 86914 | Pan      | Found an exit through the horrors of the Abyss.
 86938 | Pan      | Noticed Irphisih the pandemonium lord
 87182 | Pan      | Cast into level 4 of the Abyss (Irphisih)
 87260 | Abyss:4  | Gained mutation: Your body sometimes deteriorates upon
                  | taking damage. [a neqoxec]
 87261 | Abyss:4  | Gained mutation: You are weak. (Str -2) [a neqoxec]
 87425 | Abyss:4  | Reached skill level 25 in Axes
 87540 | Abyss:4  | Reached skill level 13 in Evocations
 87684 | Abyss:4  | Gained mutation: You are very frail. (-20% HP) [a neqoxec]
 87998 | Abyss:4  | HP: 50/191 [lurking horror (21)]
 88002 | Abyss:4  | HP: 22/217 [balrug/bolt of fire (15)]
 88009 | Abyss:4  | Reached skill level 14 in Evocations
 88009 | Abyss:4  | Gained mutation: Scrolls take you a little longer to read.
                  | [a neqoxec]
 88010 | Abyss:4  | HP: 40/218 [great orb of eyes (4)]
 88019 | Abyss:4  | HP: 37/218 [sun demon[a balrug] (3)]
 88056 | Abyss:4  | HP: 37/218 [green death/bolt of poison (4)]
 88062 | Abyss:4  | HP: 32/218 [poisoned by a green death (poison arrow)]
 88065 | Abyss:4  | HP: 15/218 [quicksilver dragon/bolt of dispelling energy
                  | (16)]
 88073 | Abyss:4  | HP: 39/218 [quicksilver dragon (5)]
 88088 | Abyss:4  | HP: 47/218 [raiju/living lightning (1)]
 88093 | Abyss:4  | HP: 37/218 [wind drake/the air[a worldbinder] (10)]
 88129 | Abyss:4  | HP: 31/218 [tentacled monstrosity (7)]
 88134 | Abyss:4  | HP: 16/218 [thrashing horror (7)]
 88139 | Abyss:4  | HP: 34/218 [raiju/living lightning (2)]
 88144 | Abyss:4  | HP: 32/218 [thrashing horror (5)]
 88153 | Abyss:4  | HP: 38/218 [starcursed mass/accursed screaming (4)]
 88162 | Abyss:5  | Entered Level 5 of the Abyss
 88162 | Abyss:5  | Entered Level 5 of the Abyss
 88165 | Abyss:5  | Lost mutation: Your body sometimes deteriorates upon taking
                  | damage. [potion of mutation]
 88165 | Abyss:5  | Lost mutation: You are dopey. (Int -2) [potion of mutation]
 88165 | Abyss:5  | Lost mutation: You are weak. (Str -2) [potion of mutation]
 88165 | Abyss:5  | Gained mutation: Scrolls take you longer to read. [potion
                  | of mutation]
 88165 | Abyss:5  | Lost mutation: Scrolls take you longer to read. [potion of
                  | mutation]
 88165 | Abyss:5  | Gained mutation: You have a beak for a mouth. [potion of
                  | mutation]
 88433 | Abyss:5  | HP: 65/218 [tentacled starspawn (6)]
 88436 | Abyss:5  | Reached skill level 11 in Translocations
 88480 | Abyss:5  | HP: 55/218 [green draconian stormcaller/divine providence
                  | (13)]
 88661 | Abyss:5  | Reached skill level 12 in Translocations
 88679 | Pan      | Escaped the Abyss
 88699 | Pan      | Killed Irphisih the pandemonium lord
 88752 | Depths:3 | Escaped Pandemonium
 88859 | Pan      | Entered the realm of Mnoleg.
 88859 | Pan      | Entered Pandemonium
 88878 | Pan      | Gained mutation: Armour fits poorly on your strangely
                  | shaped body. [a cacodemon]
 88945 | Pan      | Gained mutation: Your body sometimes deteriorates upon
                  | taking damage. [a neqoxec]
 89014 | Pan      | Gained mutation: You are weak. (Str -2) [a cacodemon]
 89027 | Pan      | Gained mutation: You tend to lose your temper in combat. [a
                  | cacodemon]
 89110 | Pan      | Learned a level 5 spell: Summon Mana Viper
 89126 | Pan      | Noticed Mnoleg
 89130 | Pan      | Paralysed by a floating eye for 4 turns
 89133 | Pan      | Gained mutation: Your flesh is heat resistant. (rF+) [a
                  | shining eye]
 89165 | Pan      | Killed Mnoleg
 89165 | Pan      | Reached skill level 13 in Translocations
 89168 | Pan      | Gained mutation: Your magical capacity is low. (-10% MP) [a
                  | shining eye]
 89369 | Pan      | Gained mutation: You are extremely frail. (-30% HP) [a
                  | cacodemon]
 89370 | Pan      | Lost mutation: Your spells are much easier to cast, but
                  | much less powerful. [a cacodemon]
 89437 | Pan      | Identified the +4 glaive "Odev Sacvy" {holy, rN+ Int+3
                  | Stlth+} (You found it in Pandemonium)
 89484 | Pan      | Got a glowing rune of Zot
 89499 | Pan      | Gained mutation: You are very weak. (Str -4) [a neqoxec]
 89685 | Pan      | Lost mutation: You tend to lose your temper in combat.
                  | [potion of mutation]
 89685 | Pan      | Lost mutation: Your magical capacity is low. (-10% MP)
                  | [potion of mutation]
 89685 | Pan      | Lost mutation: You are very weak. (Str -4) [potion of
                  | mutation]
 89685 | Pan      | Lost mutation: You are weak. (Str -2) [potion of mutation]
 89685 | Pan      | Gained mutation: You have a pair of small horns on your
                  | head. [potion of mutation]
 89686 | Pan      | Lost mutation: Your flesh is heat resistant. (rF+) [potion
                  | of mutation]
 89686 | Pan      | Gained mutation: You have a somewhat thin skeletal
                  | structure. (Dex +2, Stealth) [potion of mutation]
 89686 | Pan      | Gained mutation: You have sharp fingernails. [potion of
                  | mutation]
 89687 | Pan      | Lost mutation: You are extremely frail. (-30% HP) [potion
                  | of mutation]
 89687 | Pan      | Lost mutation: Your spells are easier to cast, but less
                  | powerful. [potion of mutation]
 89687 | Pan      | Lost mutation: You are very frail. (-20% HP) [potion of
                  | mutation]
 89687 | Pan      | Lost mutation: You are frail. (-10% HP) [potion of
                  | mutation]
 89687 | Pan      | Gained mutation: You are dopey. (Int -2) [potion of
                  | mutation]
 89687 | Pan      | Gained mutation: You are partially covered in slimy green
                  | scales. (AC +2) [potion of mutation]
 89688 | Pan      | Lost mutation: Your spells are a little easier to cast, but
                  | a little less powerful. [potion of mutation]
 89688 | Pan      | Lost mutation: Your body sometimes deteriorates upon taking
                  | damage. [potion of mutation]
 89688 | Pan      | Lost mutation: Scrolls take you a little longer to read.
                  | [potion of mutation]
 89688 | Pan      | Lost mutation: You are dopey. (Int -2) [potion of mutation]
 89688 | Pan      | Gained mutation: You possess an exceptional clarity of
                  | mind. [potion of mutation]
 89688 | Pan      | Gained mutation: Your mind is acute. (Int +2) [potion of
                  | mutation]
 89893 | Pan      | Reached skill level 13 in Summonings
 90166 | Pan      | Noticed Ned Niy the pandemonium lord
 90361 | Pan      | Killed Ned Niy the pandemonium lord
 90407 | Depths:3 | Escaped Pandemonium
 90417 | Pan      | Entered Pandemonium
 90611 | Pan      | Noticed Dism the pandemonium lord
 90620 | Pan      | Killed Dism the pandemonium lord
 90623 | Pan      | Gained mutation: You are clumsy. (Dex -2) [a neqoxec]
 90635 | Pan      | HP: 73/269 [??? (42)]
 90639 | Pan      | Reached skill level 14 in Translocations
 90642 | Pan      | HP: 71/269 [gelid corrupter/+1 demon whip of flaming (5)]
 90647 | Pan      | HP: 69/269 [Executioner (2)]
 90648 | Pan      | Reached skill level 14 in Summonings
 90652 | Pan      | HP: 63/269 [blizzard demon] (3)]
 90663 | Pan      | HP: 51/269 [neqoxec (4)]
 90664 | Pan      | Gained mutation: You are very clumsy. (Dex -4) [a neqoxec]
 90681 | Pan      | HP: 64/269 [burnt (1)]
 90868 | Pan      | Got a demonic rune of Zot
 90897 | Pan      | Gained mutation: Your spells are a little easier to cast,
                  | but a little less powerful. [a cacodemon]
 91019 | Pan      | Found an exit through the horrors of the Abyss.
 91034 | Pan      | Noticed Zeojuum the pandemonium lord
 91057 | Pan      | HP: 64/269 [Zeojuum the pandemonium lord/bolt of acid (27)]
 91062 | Pan      | HP: 19/269 [Zeojuum the pandemonium lord (14)]
 91075 | Pan      | Killed Zeojuum the pandemonium lord
 91078 | Pan      | HP: 51/269 [Brimstone Fiend (1)]
 91129 | Pan      | HP: 72/269 [daeva/divine providence (9)]
 91134 | Pan      | HP: 55/269 [daeva/divine providence (10)]
 91140 | Pan      | HP: 41/269 [daeva/divine providence (8)]
 91183 | Pan      | HP: 49/269 [??? (22)]
 91434 | Pan      | Entered the realm of Lom Lobon.
 91507 | Pan      | Learned a level 3 spell: Spectral Weapon
 91593 | Pan      | Found an exit through the horrors of the Abyss.
 91820 | Pan      | Reached skill level 15 in Summonings
 92049 | Pan      | Reached skill level 15 in Translocations
 92151 | Pan      | Noticed Lom Lobon
 92182 | Pan      | HP: 78/269 [Lom Lobon] (4)]
 92183 | Pan      | HP: 15/269 [Lom Lobon/great icy blast (53)]
 92184 | Pan      | HP: 5/269 [Lom Lobon/tornado (11)]
 92190 | Pan      | HP: 49/269 [titan/bolt of lightning (19)]
 92196 | Pan      | HP: 50/269 [ball lightning[Lom Lobon] (2)]
 92203 | Pan      | Killed Lom Lobon
 92285 | Pan      | Got a magical rune of Zot
 92431 | Pan      | Upgraded the game from 0.24-a0-218-ga595e75 to
                  | 0.24-a0-226-gca05e9d
 92870 | Pan      | Noticed Ydagh the pandemonium lord
 92880 | Pan      | Reached skill level 16 in Summonings
 92892 | Pan      | Killed Ydagh the pandemonium lord
 92912 | Pan      | HP: 70/269 [lorocyproca (16)]
 92932 | Pan      | Reached skill level 16 in Translocations
 92934 | Pan      | HP: 77/269 [soul eater/drain life (4)]
 92958 | Pan      | HP: 35/269 [ynoxinul/iron shot (27)]
 93346 | Pan      | Entered the realm of Cerebov.
 93567 | Pan      | Got a fine golden ring
 93568 | Pan      | Identified the ring of the Tempest {rElec MR++ Int+2
                  | Slay+3} (You found it in Pandemonium)
 93691 | Pan      | Identified the cursed +1 robe of the Armadillo {-Cast rN+++
                  | Int-5 Stlth+}
 93691 | Pan      | Identified the amulet "Tisir" {Regen+ SInv}
 93910 | Pan      | Identified the +6 sword of Cerebov {flame}
 93910 | Pan      | Noticed Cerebov
 93950 | Pan      | Killed Cerebov
 93950 | Pan      | Reached skill level 17 in Translocations
 94151 | Pan      | Got a fiery rune of Zot
 94316 | Pan      | Noticed Izxo the pandemonium lord
 94328 | Pan      | HP: 79/269 [Izxo the pandemonium lord (2)]
 94332 | Pan      | Killed Izxo the pandemonium lord
 94335 | Pan      | HP: 55/269 [??? (23)]
 94350 | Pan      | HP: 62/269 [smoke demon/divine providence (8)]
 94356 | Pan      | HP: 46/269 [poisoned by a red devil]
 94362 | Pan      | HP: 38/269 [poisoned by a red devil]
 94370 | Pan      | HP: 43/269 [blizzard demon/bolt of lightning (9)]
 94376 | Pan      | HP: 51/269 [poisoned by a red devil]
 94599 | Pan      | Noticed Dyukef the pandemonium lord
 94619 | Pan      | Killed Dyukef the pandemonium lord
 94619 | Pan      | Reached skill level 18 in Translocations
 94637 | Pan      | HP: 71/269 [balrug/divine providence[a shadow demon] (15)]
 94642 | Pan      | HP: 67/269 [burnt (1)]
 94648 | Pan      | HP: 58/269 [burnt (1)]
 94653 | Pan      | HP: 46/269 [burnt (1)]
 94660 | Pan      | HP: 42/269 [torturous demonspawn/+0 trident (4)]
 94664 | Pan      | HP: 16/269 [monstrous demonspawn (9)]
 94695 | Pan      | HP: 63/269 [green death (16)]
 94704 | Pan      | HP: 56/269 [Brimstone Fiend/damnation (20)]
 94706 | Pan      | HP: 14/269 [Brimstone Fiend/damnation (43)]
 95091 | Pan      | Noticed Foiph the pandemonium lord
 95103 | Pan      | Killed Foiph the pandemonium lord
 95175 | Pan      | Entered the realm of Gloorx Vloq.
 95281 | Pan      | Reached skill level 19 in Translocations
 95641 | Pan      | Noticed Gloorx Vloq
 95654 | Pan      | HP: 69/269 [??? (34)]
 95658 | Pan      | HP: 34/269 [Executioner[Gloorx Vloq] (11)]
 95662 | Pan      | HP: 12/268 [Gloorx Vloq] (6)]
 95667 | Pan      | HP: 7/269 [Gloorx Vloq] (7)]
 95692 | Pan      | HP: 34/269 [soul eater/drain life (3)]
 96343 | Pan      | Reached skill level 20 in Translocations
 96574 | Pan      | Found an exit through the horrors of the Abyss.
 96973 | Pan      | HP: 73/269 [??? (41)]
 96977 | Pan      | HP: 33/268 [Gloorx Vloq/foul vapour (16)]
 96981 | Pan      | HP: 12/265 [Gloorx Vloq] (5)]
 96983 | Pan      | HP: 5/265 [??? (1)]
 96987 | Pan      | HP: 2/267 [Executioner[Gloorx Vloq] (3)]
 96987 | Pan      | Mangled by an Executioner

Levels and vault maps discovered:
D:1:      psy_arrival_dodecagon, layout_loops_ring
D:2:      layout_rooms, chequers_ecumenical_altar_grove, first_ration,
          uniq_robin
D:3:      layout_basic, makhleb_heckhound_becter, lemuel_round_altar,
          palyth_stone_intersect, uniq_sigmund
D:4:      layout_cave_pools, dancing_weapons_uskayaw,
          nicolae_overflow_crystal_walls, uniq_menkaure
D:5:      layout_rooms, marbit_many_paths, st_stairs_6, uniq_ijyb
D:6:      layout_gridville, fiery_altar_vehumet, minmay_temple_entry_mini_moons
D:7:      layout_layer_cave, grunt_temple_overflow_forces_of_nature,
          old_standard_altar, nicolae_dithmenos_the_darkroom, glass_columns_b
D:8:      layout_rooms, okawaru_metal_pillars_1_2, special_room
          [special_room_orc]
D:9:      layout_cave_pods, trog_ov_bears_minmay,
          nemelex_xobeh_ov_fountains_minmay, david_lair_generic
D:10:     layout_rooms, serial_shops, nicolae_shop_competitors_out_of_business,
          nicolae_shop_waterfront, shop, kennysheep_mini_moat,
          kennysheep_little_box, uniq_grum
D:11:     layout_loops_ring, enter_bailey_3, grunt_ogre_cave,
          grunt_ministairs_11
D:12:     layout_rooms
D:13:     layout_loops_ring, serial_rivers, chequers_serial_rivers_small_b,
          chequers_serial_rivers_marsh, chequers_serial_rivers_micro_e,
          chequers_serial_rivers_micro_e, chequers_serial_rivers_small_a,
          kennysheep_generic_room_11, uniq_kirke
D:14:     layout_loops_ring, grunt_vaults_entry_tiered, kennysheep_cross_room,
          uniq_josephine
D:15:     hangedman_depths_entry_try_elsewhere_first, layout_irregular_city,
          serial_shops, nicolae_shop_behind_doors, basic_altar,
          lemuel_mausoleum_altar_yredelemnul
Temple:   jpeg_temple_island
Lair:1:   kb_forest_paths, layout_loops_ring, uniq_fannar, uniq_nergalle,
          uniq_sonja
Lair:2:   lemuel_slime, layout_long_grid, guppyfry_snake_entry_garden,
          chequers_serial_rivers_micro_e, lemuel_fruit_tree
Lair:3:   layout_gridlike, minmay_shoals_entry_centaurs, uniq_urug
Lair:4:   layout_gridlike, cheibrodos_lair_caveside_slide
Lair:5:   layout_gridlike, nicolae_slime_entry_slimehenge, uniq_snorg
Lair:6:   minmay_lair_end_enchanted_forest, layout_regular_city,
          kilobyte_rumbling_trees
Shoals:1: layout_shoals
Shoals:2: layout_shoals
Shoals:3: layout_shoals, serial_shops, shop_statue, centaur_isle
Shoals:4: shoals_end_grunt_garden, layout_shoals, ebering_ghost_disaster_area,
          nicolae_shoals_cliffside_cave
Snake:1:  dpeg_oklob_gauntlet, layout_cave_pods, special_room, uniq_aizul
Snake:2:  layout_onion_interference, serial_shops, shop, shop, shop, st_stairs_9
Snake:3:  layout_layer_cave, special_room, grunt_megastairs_3, uniq_louise,
          uniq_vashnia, uniq_azrael
Snake:4:  minmay_snake_end_coiled, layout_basic
Slime:1:  layout_caves, nicolae_slime_barrier
Slime:2:  cheibrodos_slime_lost_civilization_10, layout_caves,
          cheibrodos_slime_lost_civilization_4
Slime:3:  layout_caves, basic_altar
Slime:4:  layout_caves
Slime:5:  uniq_dissolution
Orc:1:    layout_caves
Orc:2:    st_orc_rangers, layout_caves, portal_ice_cave_entry_pillars_2,
          uniq_saint_roka
Elf:1:    elf_arrival_001, layout_geoelf_diagonals, minmay_elf_crystal_heptagon
Elf:2:    layout_gridlike, grunt_ministairs_13
Elf:3:    minmay_elf_hall_not_hex, layout_geoelf_grid, serial_shops, shop_coins
Vaults:1: nicolae_vaults_octagons, v_rooms_3, nicolae_vaults_big_angled_halls,
          nicolae_vaults_mini_display_case, hangedman_vaults_locks,
          serial_ice_g, v_misc_28, ontoclasm_vaults_misaligned,
          nicolae_vaults_rhombus_5, hangedman_vaults_trim,
          hangedman_vaults_slice, layout_vaults_maze_snakey
Vaults:2: vaults_room_fours, v_alt_pattern_5,
          vaults_standard_mumra_enter_the_diamond, layout_vaults_omnigrid,
          serial_shops, nicolae_shop_waterfront, shop, nicolae_shop_waterfront,
          shop
Vaults:3: hangedman_vaults_capsules, v_misc_31, vaults_mumra_minichess,
          nicolae_vaults_network_star, nicolae_vaults_ninety_degrees,
          vaults_room_grid, ontoclasm_vaults_hangar, vaults_dpeg_hooks,
          v_misc_27, minmay_crypt_entry_skeletal_spiral, vaults_dpeg_ring,
          grunt_vaults_focal, layout_vaults_omnicross, serial_shops, shop,
          shop_fountains, shop, shop, uniq_sojobo, uniq_jory
Vaults:4: st_eye, v_misc_11, nicolae_vaults_triangles, ontoclasm_vaults_twist,
          ontoclasm_vaults_ring_small, nicolae_vaults_little_squares_4,
          hangedman_vaults_stream, vaults_room_boxed,
          nicolae_vaults_three_branches, hangedman_vaults_nodes,
          nicolae_vaults_rhombus_6, grunt_vaults_hallway_short,
          layout_vaults_omnibox
Vaults:5: serial_shops, uniq_frederick
Crypt:1:  layout_regular_city, nrook_guardian_serpent_ordinary,
          grunt_crypt_arrival_guarded_gate, uniq_bai_suzhen
Crypt:2:  hangedman_hall_of_fallen_heroes, layout_basic
Crypt:3:  cryptofortress_bobbens
Depths:1: layout_cave_shapes, hell_entry, serial_bayou_pond_b,
          chequers_serial_rivers_large_a, minmay_misc_feat_square,
          grunt_ministairs_2, minmay_misc_feat_plants,
          kennysheep_generic_room_12, uniq_mara
Depths:2: cheibrodos_cascadia, layout_basic, enter_ziggurat_e, lightli_too_deep,
          dk_noncrumbling_4, nicolae_abyss_entry_one_way_or_another,
          grunt_megastairs_4, minmay_staircase_bubble
Depths:3: kennysheep_bubble_arena, layout_cave_pools,
          serial_sigils_hangedman_carve, serial_shops, shop, pan_entry,
          hell_entry, grunt_decor_cap, minmay_fire_ice_demons,
          infiniplex_staircase_zigzag_3, uniq_xtahua
Depths:4: minmay_blocking_statues, layout_basic, abyss_entry,
          grunt_hell_entry_dis_mu, nrook_pool_corridor, pan_entry,
          minmay_misc_feat_nine_boxes, minmay_shop_grove
Depths:5: grunt_x_marks_the_spot, layout_cave_shapes, abyss_entry_crystal,
          serial_shops, nicolae_shop_temple_entry_statues_fountains,
          serial_co_window_serial, co_window_paths_a, co_window_paths_a,
          co_window_paths_a, co_window_paths_a, co_window_of_opportunity_a,
          co_window_broadway_a, co_window_unsneaky_path_e, co_window_2corner,
          co_window_paths_c, glass_columns_a, glass_columns_a, glass_columns_a,
          glass_columns_a, hex_tiny, pf_coc_iceberg, hangedman_aerie_drop
Abyss:4:  evilmike_abyss_exit_15, evilmike_abyss_rune_ettins
Abyss:5:  minivault_24, gammafunk_abyss_rune_reverse_zot
Pan:      evilmike_gloorx_vloq_box, layout_stronghold, reaverb_pan_figure_eight,
          nicolae_pan_mnolegish_1
Bailey:   bailey_polearm_5, bailey
IceCv:    ice_cave_small_dragons

Skill      XL: |  1  2  3  4  5  6  7  8  9 10 11 12 13 14 15 16 17 18 19 20 21 22 23 24 25 26 27 |
---------------+----------------------------------------------------------------------------------+-----
Fighting       | 2 3 4 6 7 9 10 12 13 15 16 18 20 22 | 22.0
Armour         | 3 4 6 7 8 10 11 12 14 15 16 17 19 20 21 22 | 22.0
Axes           | 7 11 14 17 19 25 | 25.9
Evocations     | 6 8 14 | 14.0
Throwing       | 5 8 |  8.0
Dodging        | 2 8 10 | 10.0
Spellcasting   | 5 8 9 11 12 13 | 13.0
Translocations | 5 8 10 20 | 20.2
Charms         | 3 7 10 | 10.0
Air Magic      | 3 6 9 10 12 | 12.0
Hexes          | 5 8 11 | 11.0
Necromancy     | 6 10 | 10.0
Summonings     | 3 16 | 16.0
Polearms       | |  2.1
Bows           | |  1.7
Stealth        | |  1.0
Shields        | |  2.6

Action                   |  1- 3 |  4- 6 |  7- 9 | 10-12 | 13-15 | 16-18 | 19-21 | 22-24 | 25-27 || total
-------------------------+-------+-------+-------+-------+-------+-------+-------+-------+-------++-------
Melee: Dagger            |   138 |   217 |   398 |    28 |       |       |       |       |       ||   781
       Hand axe          |       |       |    52 |   429 |       |       |       |       |       ||   481
       Battleaxe         |       |       |       |   133 |   496 |  1389 |  1441 |  1676 |  1401 ||  6536
       Broad axe         |       |       |       |    84 |   490 |       |       |       |       ||   574
       Whip              |       |       |       |    14 |    33 |       |       |       |       ||    47
       Executioner's axe |       |       |       |       |       |       |       |       |  2518 ||  2518
       Peck              |       |       |       |       |       |       |       |       |   418 ||   418
       Headbutt          |       |       |       |       |       |       |       |       |   348 ||   348
 Fire: Hand crossbow     |       |       |     8 |    29 |     3 |       |       |       |       ||    40
Throw: Stone             |       |     3 |       |       |       |       |       |       |       ||     3
       Tomahawk          |       |       |       |    13 |     8 |       |       |       |       ||    21
       Throwing net      |       |       |       |       |     1 |     1 |     1 |     1 |     1 ||     5
       Javelin           |       |       |       |       |       |    18 |     5 |    13 |    54 ||    90
 Cast: Apportation       |       |       |       |       |       |       |       |     1 |    25 ||    26
       Airstrike         |       |       |       |       |       |       |       |       |    33 ||    33
       Regeneration      |       |       |       |       |       |       |       |       |    27 ||    27
       Summon Lightning  |       |       |       |       |       |       |       |       |     6 ||     6
       Portal Projectile |       |       |       |       |       |       |       |       |     4 ||     4
       Summon Mana Viper |       |       |       |       |       |       |       |       |     3 ||     3
       Swiftness         |       |       |       |       |       |       |       |       |     1 ||     1
Invok: Potion Petition   |       |       |       |     5 |     1 |       |     1 |       |    21 ||    28
       Call Merchant     |       |       |       |       |       |     1 |       |       |     4 ||     5
 Abil: Evoke Flight      |       |       |       |       |       |     7 |     1 |     3 |     3 ||    14
       Stop Flying       |       |       |       |       |       |       |       |     1 |     4 ||     5
Evoke: Wand              |       |       |       |    11 |     6 |     9 |       |     2 |     8 ||    36
       Lamp of fire      |       |       |       |       |       |     1 |       |       |       ||     1
       Phantom mirror    |       |       |       |       |       |       |       |       |     3 ||     3
       Box of beasts     |       |       |       |       |       |       |       |       |     2 ||     2
  Use: Scroll            |     8 |     4 |     8 |     5 |     4 |     8 |     7 |     7 |    32 ||    83
       Potion            |       |     3 |     1 |     5 |     3 |     3 |     6 |       |    25 ||    46
 Stab: Distracted        |       |     1 |     1 |     5 |     8 |    23 |     6 |    12 |    58 ||   114
       Held in net/web   |       |       |       |       |       |     2 |       |       |     1 ||     3
       Invisible         |       |       |       |       |       |       |       |       |     2 ||     2
       Petrified         |       |       |       |       |       |       |       |       |     1 ||     1
  Eat: Chunk             |       |     4 |       |       |       |     1 |       |       |       ||     5
       Ration            |       |     1 |     5 |     7 |     9 |    15 |    13 |    13 |    30 ||    93
Armor: Ring mail         |    65 |    99 |    12 |       |       |       |       |       |       ||   176
       Chain mail        |       |       |   202 |       |       |       |       |       |       ||   202
       Plate armour      |       |       |   122 |   532 |   636 |   484 |   760 |       |       ||  2534
       Skin              |       |       |     7 |       |       |       |       |       |       ||     7
       Crystal plate arm |       |       |       |       |       |   538 |       |       |       ||   538
       Gold dragon scale |       |       |       |       |       |       |    66 |  1064 |  3363 ||  4493
Dodge: Dodged            |    81 |   112 |   174 |   238 |   381 |   474 |   578 |   500 |  2008 ||  4546
Block: Buckler           |       |       |       |       |    17 |       |       |       |       ||    17

Table legend:
 A = Non-vault XP
 B = Vault XP
 C = Vault XP percentage of total XP
 D = Non-vault monster count
 E = Vault monster count
 F = Vault count percentage of total count
                 A         B        C        D         E       F
            +---------+---------+-------+---------+---------+-------
      Total | 1136914 | 1037286 |  47.7 |    2099 |    1206 |  36.5
            +---------+---------+-------+---------+---------+-------
        D:1 |      39 |       2 |   4.9 |      22 |       1 |   4.3
        D:2 |     231 |      33 |  12.5 |      34 |      11 |  24.4
        D:3 |     165 |     427 |  72.1 |      25 |       3 |  10.7
        D:4 |     478 |       0 |   0.0 |      19 |       0 |   0.0
        D:5 |     519 |      44 |   7.8 |      12 |       3 |  20.0
        D:6 |     974 |       0 |   0.0 |      19 |       0 |   0.0
        D:7 |    1268 |       0 |   0.0 |      17 |       0 |   0.0
        D:8 |    2193 |     616 |  21.9 |      31 |      25 |  44.6
        D:9 |     808 |    1322 |  62.1 |      23 |       6 |  20.7
       D:10 |    3128 |     672 |  17.7 |      25 |       5 |  16.7
       D:11 |    9097 |     426 |   4.5 |      67 |       7 |   9.5
       D:12 |    6795 |       0 |   0.0 |      37 |       0 |   0.0
       D:13 |    4981 |    3510 |  41.3 |      20 |       4 |  16.7
       D:14 |    8032 |   11546 |  59.0 |      25 |      30 |  54.5
       D:15 |    7104 |    3830 |  35.0 |      27 |      16 |  37.2
     Lair:1 |    1312 |    7488 |  85.1 |       5 |      21 |  80.8
     Lair:2 |    3494 |     965 |  21.6 |      12 |      22 |  64.7
     Lair:3 |    4471 |    1161 |  20.6 |      13 |       4 |  23.5
     Lair:4 |   10727 |       0 |   0.0 |      42 |       0 |   0.0
     Lair:5 |    8244 |    1283 |  13.5 |      23 |       7 |  23.3
     Lair:6 |   11506 |   10390 |  47.5 |      34 |      54 |  61.4
   Shoals:1 |   14367 |       0 |   0.0 |      23 |       0 |   0.0
   Shoals:2 |    7775 |       0 |   0.0 |      16 |       0 |   0.0
   Shoals:3 |   18047 |    4457 |  19.8 |      38 |      11 |  22.4
   Shoals:4 |   17424 |   19553 |  52.9 |      32 |      28 |  46.7
    Snake:1 |   16394 |    3825 |  18.9 |      30 |       5 |  14.3
    Snake:2 |   10896 |    1065 |   8.9 |      22 |       3 |  12.0
    Snake:3 |   20641 |   16762 |  44.8 |      35 |      18 |  34.0
    Snake:4 |   28567 |   25431 |  47.1 |      61 |      38 |  38.4
    Slime:1 |    5737 |       0 |   0.0 |      13 |       0 |   0.0
    Slime:2 |    2737 |       0 |   0.0 |      12 |       0 |   0.0
    Slime:3 |    8795 |       0 |   0.0 |      21 |       0 |   0.0
    Slime:4 |   22452 |    7908 |  26.0 |      35 |       6 |  14.6
    Slime:5 |    7177 |   33710 |  82.4 |       9 |       6 |  40.0
      Orc:1 |    4666 |    4708 |  50.2 |      23 |       1 |   4.2
      Orc:2 |    2944 |    5185 |  63.8 |      33 |      46 |  58.2
      Elf:1 |   15030 |    9780 |  39.4 |      24 |      16 |  40.0
      Elf:2 |   15439 |   31313 |  67.0 |      25 |      38 |  60.3
      Elf:3 |   15807 |   46704 |  74.7 |      25 |      30 |  54.5
   Vaults:1 |   24461 |   18883 |  43.6 |      41 |      33 |  44.6
   Vaults:2 |   35669 |   11186 |  23.9 |      58 |      17 |  22.7
   Vaults:3 |   21405 |   41425 |  65.9 |      28 |      45 |  61.6
   Vaults:4 |   33874 |  123337 |  78.5 |      50 |     100 |  66.7
   Vaults:5 |    5584 |   36488 |  86.7 |       7 |      22 |  75.9
    Crypt:1 |   15077 |    5653 |  27.3 |      39 |       3 |   7.1
    Crypt:2 |   30413 |   10706 |  26.0 |      49 |      16 |  24.6
    Crypt:3 |       0 |   65209 | 100.0 |       0 |      88 | 100.0
   Depths:1 |   36928 |   18903 |  33.9 |      47 |       9 |  16.1
   Depths:2 |   30751 |   52135 |  62.9 |      37 |      45 |  54.9
   Depths:3 |   45950 |   31226 |  40.5 |      55 |      24 |  30.4
   Depths:4 |   28140 |   27942 |  49.8 |      29 |      18 |  38.3
   Depths:5 |   34003 |   32710 |  49.0 |      31 |      43 |  58.1
    Abyss:4 |   94489 |     176 |   0.2 |     180 |       1 |   0.6
    Abyss:5 |   30962 |    5870 |  15.9 |      48 |       7 |  12.7
        Pan |  348747 |  293085 |  45.7 |     391 |     210 |  34.9
     Bailey |       0 |    2822 | 100.0 |       0 |      40 | 100.0
      IceCv |       0 |    5414 | 100.0 |       0 |      20 | 100.0
            +---------+---------+-------+---------+---------+-------

Table legend:
 A = Turns spent in this place as a percentage of turns spent in the entire game.
 B = Non-inter-level travel turns spent in this place as a percentage of non-inter-level travel turns spent in the entire game.
 C = Inter-level travel turns spent in this place as a percentage of turns spent in this place.
 D = Turns resting spent in this place as a percentage of non-inter-level travel turns spent in this place.
 E = Turns spent auto-exploring this place as a percentage of non-inter-level travel turns spent in this place.
 F = Non-inter-level travel turns spent in this place divided by the number of levels of this place that you've seen.
                   A       B       C       D       E      F
               +-------+-------+-------+-------+-------+----------------------
         Total | 100.0 | 100.0 |   9.6 |  30.5 |  25.6 | 1169.1
       Dungeon |  19.3 |  17.9 |  16.1 |  20.9 |  41.7 | 1048.9
        Temple |   0.2 |   0.2 |  10.6 |   0.0 |  95.7 | 210.0
          Lair |  11.5 |  10.7 |  15.6 |  33.0 |  33.7 | 1567.3
        Shoals |   5.8 |   6.1 |   4.2 |  35.3 |  21.0 | 1344.8
     Snake Pit |   9.5 |   9.8 |   6.4 |  47.9 |  22.2 | 2154.8
    Slime Pits |   3.0 |   3.3 |   2.0 |  52.9 |   0.0 | 579.6
  Orcish Mines |   2.9 |   2.7 |  16.9 |  36.0 |  20.1 | 1166.5
   Elven Halls |   5.4 |   5.5 |   7.7 |  22.2 |  22.1 | 1611.7
        Vaults |  12.5 |  12.1 |  12.8 |  32.5 |  19.1 | 2120.0
         Crypt |   3.8 |   3.9 |   7.9 |   8.4 |  34.5 | 1132.7
        Depths |  11.9 |  12.1 |   7.9 |  40.7 |  27.6 | 2127.2
         Abyss |   1.5 |   1.7 |   0.0 |  15.0 |   0.3 | 748.5
   Pandemonium |  11.0 |  12.2 |   0.0 |  19.2 |  15.9 | 594.7
        Bailey |   0.8 |   0.9 |   0.0 |  35.9 |   3.3 | 811.0
      Ice Cave |   0.6 |   0.7 |   0.0 |  35.0 |  15.0 | 625.0
               +-------+-------+-------+-------+-------+----------------------

Levels and vault maps discovered:
D:1:      psy_arrival_dodecagon, layout_loops_ring
D:2:      layout_rooms, chequers_ecumenical_altar_grove, first_ration,
          uniq_robin
D:3:      layout_basic, makhleb_heckhound_becter, lemuel_round_altar,
          palyth_stone_intersect, uniq_sigmund
D:4:      layout_cave_pools, dancing_weapons_uskayaw,
          nicolae_overflow_crystal_walls, uniq_menkaure
D:5:      layout_rooms, marbit_many_paths, st_stairs_6, uniq_ijyb
D:6:      layout_gridville, fiery_altar_vehumet, minmay_temple_entry_mini_moons
D:7:      layout_layer_cave, grunt_temple_overflow_forces_of_nature,
          old_standard_altar, nicolae_dithmenos_the_darkroom, glass_columns_b
D:8:      layout_rooms, okawaru_metal_pillars_1_2, special_room
          [special_room_orc]
D:9:      layout_cave_pods, trog_ov_bears_minmay,
          nemelex_xobeh_ov_fountains_minmay, david_lair_generic
D:10:     layout_rooms, serial_shops, nicolae_shop_competitors_out_of_business,
          nicolae_shop_waterfront, shop, kennysheep_mini_moat,
          kennysheep_little_box, uniq_grum
D:11:     layout_loops_ring, enter_bailey_3, grunt_ogre_cave,
          grunt_ministairs_11
D:12:     layout_rooms
D:13:     layout_loops_ring, serial_rivers, chequers_serial_rivers_small_b,
          chequers_serial_rivers_marsh, chequers_serial_rivers_micro_e,
          chequers_serial_rivers_micro_e, chequers_serial_rivers_small_a,
          kennysheep_generic_room_11, uniq_kirke
D:14:     layout_loops_ring, grunt_vaults_entry_tiered, kennysheep_cross_room,
          uniq_josephine
D:15:     hangedman_depths_entry_try_elsewhere_first, layout_irregular_city,
          serial_shops, nicolae_shop_behind_doors, basic_altar,
          lemuel_mausoleum_altar_yredelemnul
Temple:   jpeg_temple_island
Lair:1:   kb_forest_paths, layout_loops_ring, uniq_fannar, uniq_nergalle,
          uniq_sonja
Lair:2:   lemuel_slime, layout_long_grid, guppyfry_snake_entry_garden,
          chequers_serial_rivers_micro_e, lemuel_fruit_tree
Lair:3:   layout_gridlike, minmay_shoals_entry_centaurs, uniq_urug
Lair:4:   layout_gridlike, cheibrodos_lair_caveside_slide
Lair:5:   layout_gridlike, nicolae_slime_entry_slimehenge, uniq_snorg
Lair:6:   minmay_lair_end_enchanted_forest, layout_regular_city,
          kilobyte_rumbling_trees
Shoals:1: layout_shoals
Shoals:2: layout_shoals
Shoals:3: layout_shoals, serial_shops, shop_statue, centaur_isle
Shoals:4: shoals_end_grunt_garden, layout_shoals, ebering_ghost_disaster_area,
          nicolae_shoals_cliffside_cave
Snake:1:  dpeg_oklob_gauntlet, layout_cave_pods, special_room, uniq_aizul
Snake:2:  layout_onion_interference, serial_shops, shop, shop, shop, st_stairs_9
Snake:3:  layout_layer_cave, special_room, grunt_megastairs_3, uniq_louise,
          uniq_vashnia, uniq_azrael
Snake:4:  minmay_snake_end_coiled, layout_basic
Slime:1:  layout_caves, nicolae_slime_barrier
Slime:2:  cheibrodos_slime_lost_civilization_10, layout_caves,
          cheibrodos_slime_lost_civilization_4
Slime:3:  layout_caves, basic_altar
Slime:4:  layout_caves
Slime:5:  uniq_dissolution
Orc:1:    layout_caves
Orc:2:    st_orc_rangers, layout_caves, portal_ice_cave_entry_pillars_2,
          uniq_saint_roka
Elf:1:    elf_arrival_001, layout_geoelf_diagonals, minmay_elf_crystal_heptagon
Elf:2:    layout_gridlike, grunt_ministairs_13
Elf:3:    minmay_elf_hall_not_hex, layout_geoelf_grid, serial_shops, shop_coins
Vaults:1: nicolae_vaults_octagons, v_rooms_3, nicolae_vaults_big_angled_halls,
          nicolae_vaults_mini_display_case, hangedman_vaults_locks,
          serial_ice_g, v_misc_28, ontoclasm_vaults_misaligned,
          nicolae_vaults_rhombus_5, hangedman_vaults_trim,
          hangedman_vaults_slice, layout_vaults_maze_snakey
Vaults:2: vaults_room_fours, v_alt_pattern_5,
          vaults_standard_mumra_enter_the_diamond, layout_vaults_omnigrid,
          serial_shops, nicolae_shop_waterfront, shop, nicolae_shop_waterfront,
          shop
Vaults:3: hangedman_vaults_capsules, v_misc_31, vaults_mumra_minichess,
          nicolae_vaults_network_star, nicolae_vaults_ninety_degrees,
          vaults_room_grid, ontoclasm_vaults_hangar, vaults_dpeg_hooks,
          v_misc_27, minmay_crypt_entry_skeletal_spiral, vaults_dpeg_ring,
          grunt_vaults_focal, layout_vaults_omnicross, serial_shops, shop,
          shop_fountains, shop, shop, uniq_sojobo, uniq_jory
Vaults:4: st_eye, v_misc_11, nicolae_vaults_triangles, ontoclasm_vaults_twist,
          ontoclasm_vaults_ring_small, nicolae_vaults_little_squares_4,
          hangedman_vaults_stream, vaults_room_boxed,
          nicolae_vaults_three_branches, hangedman_vaults_nodes,
          nicolae_vaults_rhombus_6, grunt_vaults_hallway_short,
          layout_vaults_omnibox
Vaults:5: serial_shops, uniq_frederick
Crypt:1:  layout_regular_city, nrook_guardian_serpent_ordinary,
          grunt_crypt_arrival_guarded_gate, uniq_bai_suzhen
Crypt:2:  hangedman_hall_of_fallen_heroes, layout_basic
Crypt:3:  cryptofortress_bobbens
Depths:1: layout_cave_shapes, hell_entry, serial_bayou_pond_b,
          chequers_serial_rivers_large_a, minmay_misc_feat_square,
          grunt_ministairs_2, minmay_misc_feat_plants,
          kennysheep_generic_room_12, uniq_mara
Depths:2: cheibrodos_cascadia, layout_basic, enter_ziggurat_e, lightli_too_deep,
          dk_noncrumbling_4, nicolae_abyss_entry_one_way_or_another,
          grunt_megastairs_4, minmay_staircase_bubble
Depths:3: kennysheep_bubble_arena, layout_cave_pools,
          serial_sigils_hangedman_carve, serial_shops, shop, pan_entry,
          hell_entry, grunt_decor_cap, minmay_fire_ice_demons,
          infiniplex_staircase_zigzag_3, uniq_xtahua
Depths:4: minmay_blocking_statues, layout_basic, abyss_entry,
          grunt_hell_entry_dis_mu, nrook_pool_corridor, pan_entry,
          minmay_misc_feat_nine_boxes, minmay_shop_grove
Depths:5: grunt_x_marks_the_spot, layout_cave_shapes, abyss_entry_crystal,
          serial_shops, nicolae_shop_temple_entry_statues_fountains,
          serial_co_window_serial, co_window_paths_a, co_window_paths_a,
          co_window_paths_a, co_window_paths_a, co_window_of_opportunity_a,
          co_window_broadway_a, co_window_unsneaky_path_e, co_window_2corner,
          co_window_paths_c, glass_columns_a, glass_columns_a, glass_columns_a,
          glass_columns_a, hex_tiny, pf_coc_iceberg, hangedman_aerie_drop
Abyss:4:  evilmike_abyss_exit_15, evilmike_abyss_rune_ettins
Abyss:5:  minivault_24, gammafunk_abyss_rune_reverse_zot
Pan:      evilmike_gloorx_vloq_box, layout_stronghold, reaverb_pan_figure_eight,
          nicolae_pan_mnolegish_1
Bailey:   bailey_polearm_5, bailey
IceCv:    ice_cave_small_dragons
